Workbook
Name CountryList: [1]Lists!$N$3:$N$5
Name CountryList: Lists!$N$3:$N$251
Name DocList: Lists!$A$3:$A$13
Name GraList: Lists!$D$3:$D$11
Name YNList: Lists!$K$3:$K$5

Sheet Order Form
A1: v1.04 | B1: HCP-OF-HOMN-006 | K1: Order Form
J2: Sales Order Form
B4: Customer Name:
C5: Account Number: | F5: Order Ref:
B7: Recipient's Address:
B8: Name | E8: Telephone:
B9: Company / Department | E9: Email: | I9: (For use by Sales Rep.)
B10: Address Line 1 | E10: Instructions: | I10: Order Doc Type:
B11: Address LIne2 | I11: Gratis Reason Code:
B12: Address Line 3 | I12: Override Discount?:
B13: Town | I13: Override Price?
B14: PostCode | I14: Override Address?:
B15: Choose Country | I15: Override Market?
I16: Override Status?
C17: Order Quantity: | D17: =SUM(H20:H71) -> 0 | F17: Order Total: | G17: =SUM(K20:K71) -> 0 | I17: Discount Plus?: | K17: 0
B19: ISBN | C19: Description | F19: Line Ref | G19: Discount | H19: Quantity | I19: R.R.P, | J19: Net Price | K19: Line Total
B20: 9781782696537 | C20: Captain Danger and the Stupid Shadow | G20: 0 | I20: 8.99 | J20: 0 | K20: =IF(J20>0,J20*H20,((1-(G20+$K$17))*I20)*H20) -> 0
B21: 9781782696476 | C21: Captain Danger and the Time Ghost | G21: 0 | I21: 8.99 | J21: 0 | K21: =IF(J21>0,J21*H21,((1-(G21+$K$17))*I21)*H21) -> 0
B22: 9781782696131 | C22: Winnie-the-Pooh | G22: 0 | I22: 10.99 | J22: 0 | K22: =IF(J22>0,J22*H22,((1-(G22+$K$17))*I22)*H22) -> 0
B23: 9781782696483 | C23: Monsters | G23: 0 | I23: 8.99 | J23: 0 | K23: =IF(J23>0,J23*H23,((1-(G23+$K$17))*I23)*H23) -> 0
B24: 9781917171427 | C24: The Corner Shop on Apocalypse Street | G24: 0 | I24: 8.99 | J24: 0 | K24: =IF(J24>0,J24*H24,((1-(G24+$K$17))*I24)*H24) -> 0
B25: 9780702346408 | C25: My Totally Epic Disaster Week | G25: 0 | I25: 7.99 | J25: 0 | K25: =IF(J25>0,J25*H25,((1-(G25+$K$17))*I25)*H25) -> 0
B26: 9780702346392 | C26: Ketchup Kid | G26: 0 | I26: 7.99 | J26: 0 | K26: =IF(J26>0,J26*H26,((1-(G26+$K$17))*I26)*H26) -> 0
B27: 9798225083250 | C27: Clifford: Big and Small | G27: 0 | I27: 10.99 | J27: 0 | K27: =IF(J27>0,J27*H27,((1-(G27+$K$17))*I27)*H27) -> 0
B28: 9780702348921 | C28: All I Want (HB) | G28: 0 | I28: 12.99 | J28: 0 | K28: =IF(J28>0,J28*H28,((1-(G28+$K$17))*I28)*H28) -> 0
B29: 9780702324093 | C29: All I Want (PB) | G29: 0 | I29: 7.99 | J29: 0 | K29: =IF(J29>0,J29*H29,((1-(G29+$K$17))*I29)*H29) -> 0
B30: 9780702324086 | C30: Not Fair, Bear | G30: 0 | I30: 7.99 | J30: 0 | K30: =IF(J30>0,J30*H30,((1-(G30+$K$17))*I30)*H30) -> 0
B31: 9780702324086 | C31: Bears Don't Share | G31: 0 | I31: 7.99 | J31: 0 | K31: =IF(J31>0,J31*H31,((1-(G31+$K$17))*I31)*H31) -> 0
... B71: 9798225085179 | C71: The Klutz Book of Colorforms | G71: 0 | I71: 12.99 | J71: 0 | K71: =IF(J71>0,J71*H71,((1-(G71+$K$17))*I71)*H71) -> 0
B73: Harper Collins Publishers, 1 Robroyston Gate, Robroyston, Glasgow, G33 1JN Telephone: 0141 306 3100 Email: orders@harpercollins.co.uk

Sheet CDS Upload
A1: mandatory | B1: optional | C1: new address | D1: not in use for order upload
A2: 0 | B2: 1 | C2: 2 | D2: 3 | E2: 4 | F2: 5 | G2: 6 | H2: 7 | I2: 8 | J2: 9 | K2: 10 | L2: 11 | M2: 12 | N2: 13 | O2: 14 | P2: 15 | Q2: 16 | R2: 17 | S2: 18 | T2: 19 | U2: 20 | V2: 21 | W2: 22 | X2: 23 | Y2: 24 | Z2: 25 | AA2: 26 | AB2: 27 | AC2: 28 | AD2: 29 | AE2: 30 | AF2: 31 | AG2: 32 | AH2: 33 | AI2: 34 | AJ2: 35 | AK2: 36 | AL2: 37 | AM2: 38 | AN2: 39 | AO2: 40 | AP2: 41 | AQ2: 42 | AR2: 43 | AS2: 44 | AT2: 45 | AU2: 46 | AV2: 47 | AW2: 48 | AX2: 49 | AY2: 50 | AZ2: 51 | BA2: 52 | BB2: 53 | BC2: 54 | BD2: 55 | BE2: 56 | BF2: 57 | BG2: 58 | BH2: 59 | BI2: 60 | BJ2: 61 | BK2: 62 | BL2: 63 | BM2: 64 | BN2: 65 | BO2: 66 | BP2: 67 | BQ2: 68 | BR2: 69 | BS2: 70 | BT2: 71 | BU2: 72 | BV2: 73 | BW2: 74 | BX2: 75 | BY2: 76 | BZ2: 77 | CA2: 78 | CB2: 79 | CC2: 80 | CD2: 81 | CE2: 82 | CF2: 83 | CG2: 84 | CH2: 85 | CI2: 86 | CJ2: 87 | CK2: 88 | CL2: 89
A3: SAN | B3: Customer Account | C3: Purchase order Reference | D3: Line Reference | E3: Not in Use | F3: ISBN | G3: Client Article Reference | H3: Quantity | I3: Pub Price (RRP) | J3: Net Price (Unit Price) | K3: Net Value (Total Value) | L3: Discount | M3: Additional Discount | N3: Not in Use | O3: Ship To Name / Attn. Of | P3: Ship To Company / Dep. | Q3: Ship To Address Line 1 | R3: Ship To Address Line 2 | S3: Ship To Address Line 3 | T3: Ship To City | U3: Ship To Province/ State | V3: Ship To Postal/ Zip Code | W3: Ship To Country Code | X3: Ship To Phone PFX | Y3: Ship To Phone Number | Z3: Ship To Email Address | AA3: Ship To EORI Number | AB3: Record Backorder (Y=Allow, N=Prevent) | AC3: Order Type (SA,GR,DD etc) | AD3: Not in Use | AE3: Gratis Reason Code (02-Sample, CD- Charity Donation) | AF3: Order Pool (24H, PRF, SOS) | AG3: Not in Use | AH3: Override Merge (MERGE/ NOMERGE | AI3: Override Title Status (P= Override P to A) | AJ3: Backorder Restrictions @ Line Level ( Y=Allow, N=Prevent P= Override P to A) | AK3: Carrier Code | AL3: Route | AM3: Timed Delivery Service (B,C,H,F,G) | AN3: Change Shipping Way (Y/N) | AO3: Not in Use | AP3: Not in Use | AQ3: Not in Use | AR3: Not in Use | AS3: LOT Number (008= Signed, 002 Don’t Use) | AT3: Not in Use | AU3: Not in Use | AV3: Not in Use | AW3: Not in Use | AX3: Not in Use | AY3: Override Surcharge (Y/N) | AZ3: Override Market Restriction at Header Level (Y/N) | BA3: Market Restrictions Line Level (Y/N) | BB3: Not in Use | BC3: Not in Use | BD3: Source Code | BE3: Royalty (Y/N) | BF3: Sales type | BG3: Vendor Code | BH3: Ref_Purhead_No | BI3: Ref_Purline_No | BJ3: Override Bill To Address (Y/N) | BK3: Vat Number | BL3: Cost Centre | BM3: FF Acount Number | BN3: Override List Price (Y/N) | BO3: Client Article Ref | BP3: Bill To Name / Attn. Of | BQ3: Bill To Company / Dep. | BR3: Bill To Address Line 1 | BS3: Bill To Address Line 2 | BT3: Bill To Address Line 3 | BU3: Bill To City | BV3: Bill To Province/ State | BW3: Bill To Postal/ Zip Code | BX3: Bill To Country Code | BY3: Bill To Phone PFX | BZ3: Bill To Phone Number | CA3: Bill To Email Address | CB3: Bill To EORI Number | CC3: Not in Use | CD3: Ext System ID Header (AR number,Case Number) | CE3: Ext System ID Line (Auto populated from Approval Request) | CF3: Digital Country Code | CG3: Override Small Order (Y/N) | CH3: Delivery Date (Automatically Fixed DD/MM/YY) | CI3: Returns Basis (F/R) | CJ3: Order Notes Code (BOOOKIN REF, INV ORDER REMARK) | CK3: Order Notes Text (Free text field to match Order Notres Code) | CL3: Carrier Notification (Y/N)
B4: =IF(ISNUMBER(($H4)),'Order Form'!$D$5,"") | C4: =IF(ISNUMBER(($H4)),'Order Form'!$G$5,"") | D4: =IF('Order Form'!F20="","",IF(ISNUMBER(($H4)),'Order Form'!F20,"")) | F4: =IF(ISNUMBER((H4)),SUBSTITUTE(SUBSTITUTE('Order Form'!B20,"-","")," ",""),"") | H4: =IF('Order Form'!H20>0,'Order Form'!H20," ") | I4: =IF('Order Form'!$K$13="Yes",(IF('Order Form'!J20>0,"",IF('Order Form'!$K$10<>"GR - Gratis",IF('Order Form'!I20=0,"",IF(ISNUMBER($H4),'Order Form'!I20,"")),""))),"") | J4: =IF('Order Form'!$K$13="Yes",(IF('Order Form'!J20=0,"",IF('Order Form'!$K$10<>"GR - Gratis",IF(ISNUMBER($H4),'Order Form'!J20,""),""))),"") | L4: =IF('Order Form'!J20>0,"",IF('Order Form'!G20=0,"",IF('Order Form'!$K$10<>"GR - Gratis",IF('Order Form'!$K$12="Yes",IF(ISNUMBER($H4),'Order Form'!G20*100,""),""),""))) | M4: =IF('Order Form'!J20>0,"",IF('Order Form'!$K$17=0,"",IF('Order Form'!$K$17=0,"",IF('Order Form'!$K$10<>"GR - Gratis",IF('Order Form'!$K$12="Yes",IF(ISNUMBER($H4),'Order Form'!$K$17*100,""),""),"")))) | O4: =IF('Order Form'!$B$8="Name / Attent Of","",IF(ISNUMBER($H4),IF('Order Form'!$K$14="Yes",'Order Form'!$B$8,""),"")) | P4: =IF('Order Form'!$B$9="Company / Department","",IF(ISNUMBER($H4),IF('Order Form'!$K$14="Yes",'Order Form'!$B$9,""),"")) | Q4: =IF('Order Form'!$B$10="Address 1","",IF(ISNUMBER($H4),IF('Order Form'!$K$14="Yes",'Order Form'!$B$10,""),"")) | R4: =IF('Order Form'!$B$11="Address 2","",IF(ISNUMBER($H4),IF('Order Form'!$K$14="Yes",'Order Form'!$B$11,""),"")) | S4: =IF('Order Form'!$B$12="Address 3","",IF(ISNUMBER($H4),IF('Order Form'!$K$14="Yes",'Order Form'!$B$12,""),"")) | T4: =IF('Order Form'!$B$13="Town","",IF(ISNUMBER($H4),IF('Order Form'!$K$14="Yes",'Order Form'!$B$13,""),"")) | V4: =IF('Order Form'!$B$14="Post Code","",IF(ISNUMBER($H4),IF('Order Form'!$K$14="Yes",'Order Form'!$B$14,""),"")) | W4: =IF('Order Form'!$B$15="Country","",IF(ISNUMBER($H4),IF('Order Form'!$K$14="Yes",VLOOKUP('Order Form'!$B$15,Lists!N:O,2,0),""),"")) | Y4: =IF('Order Form'!$F$8="Phone","",IF(ISNUMBER($H4),IF('Order Form'!$K$14="Yes",'Order Form'!$F$8,""),"")) | Z4: =IF('Order Form'!$F$9="Email","",IF(ISNUMBER($H4),IF('Order Form'!$K$14="Yes",'Order Form'!$F$9,""),"")) | AC4: =IF(ISNUMBER(($H4)),LEFT('Order Form'!$K$10,2),"") | AE4: =IF(AC4="GR",LEFT('Order Form'!$K$11,2),"") | AI4: =IF(ISNUMBER(($H4)),IF('Order Form'!$K$16="Yes","P",""),"") | AZ4: =IF(ISNUMBER(($H4)),IF('Order Form'!$K$15="Yes","Y",""),"") | BD4: =IF('Order Form'!$H20>0,"OF"," ") | BE4: =IF('Order Form'!$H20>0,"Y"," ") | BF4: =IF('Order Form'!$H20>0,"STANDARD"," ")
B5: =IF(ISNUMBER(($H5)),'Order Form'!$D$5,"") | C5: =IF(ISNUMBER(($H5)),'Order Form'!$G$5,"") | D5: =IF('Order Form'!F21="","",IF(ISNUMBER(($H5)),'Order Form'!F21,"")) | F5: =IF(ISNUMBER((H5)),SUBSTITUTE(SUBSTITUTE('Order Form'!B21,"-","")," ",""),"") | H5: =IF('Order Form'!H21>0,'Order Form'!H21," ") | I5: =IF('Order Form'!$K$13="Yes",(IF('Order Form'!J21>0,"",IF('Order Form'!$K$10<>"GR - Gratis",IF('Order Form'!I21=0,"",IF(ISNUMBER($H5),'Order Form'!I21,"")),""))),"") | J5: =IF('Order Form'!$K$13="Yes",(IF('Order Form'!J21=0,"",IF('Order Form'!$K$10<>"GR - Gratis",IF(ISNUMBER($H5),'Order Form'!J21,""),""))),"") | L5: =IF('Order Form'!J21>0,"",IF('Order Form'!G21=0,"",IF('Order Form'!$K$10<>"GR - Gratis",IF('Order Form'!$K$12="Yes",IF(ISNUMBER($H5),'Order Form'!G21*100,""),""),""))) | M5: =IF('Order Form'!J21>0,"",IF('Order Form'!$K$17=0,"",IF('Order Form'!$K$17=0,"",IF('Order Form'!$K$10<>"GR - Gratis",IF('Order Form'!$K$12="Yes",IF(ISNUMBER($H5),'Order Form'!$K$17*100,""),""),"")))) | O5: =IF('Order Form'!$B$8="Name / Attent Of","",IF(ISNUMBER($H5),IF('Order Form'!$K$14="Yes",'Order Form'!$B$8,""),"")) | P5: =IF('Order Form'!$B$9="Company / Department","",IF(ISNUMBER($H5),IF('Order Form'!$K$14="Yes",'Order Form'!$B$9,""),"")) | Q5: =IF('Order Form'!$B$10="Address 1","",IF(ISNUMBER($H5),IF('Order Form'!$K$14="Yes",'Order Form'!$B$10,""),"")) | R5: =IF('Order Form'!$B$11="Address 2","",IF(ISNUMBER($H5),IF('Order Form'!$K$14="Yes",'Order Form'!$B$11,""),"")) | S5: =IF('Order Form'!$B$12="Address 3","",IF(ISNUMBER($H5),IF('Order Form'!$K$14="Yes",'Order Form'!$B$12,""),"")) | T5: =IF('Order Form'!$B$13="Town","",IF(ISNUMBER($H5),IF('Order Form'!$K$14="Yes",'Order Form'!$B$13,""),"")) | V5: =IF('Order Form'!$B$14="Post Code","",IF(ISNUMBER($H5),IF('Order Form'!$K$14="Yes",'Order Form'!$B$14,""),"")) | W5: =IF('Order Form'!$B$15="Country","",IF(ISNUMBER($H5),IF('Order Form'!$K$14="Yes",VLOOKUP('Order Form'!$B$15,Lists!N:O,2,0),""),"")) | Y5: =IF('Order Form'!$F$8="Phone","",IF(ISNUMBER($H5),IF('Order Form'!$K$14="Yes",'Order Form'!$F$8,""),"")) | Z5: =IF('Order Form'!$F$9="Email","",IF(ISNUMBER($H5),IF('Order Form'!$K$14="Yes",'Order Form'!$F$9,""),"")) | AC5: =IF(ISNUMBER(($H5)),LEFT('Order Form'!$K$10,2),"") | AE5: =IF(AC5="GR",LEFT('Order Form'!$K$11,2),"") | AI5: =IF(ISNUMBER(($H5)),IF('Order Form'!$K$16="Yes","P",""),"") | AZ5: =IF(ISNUMBER(($H5)),IF('Order Form'!$K$15="Yes","Y",""),"") | BD5: =IF('Order Form'!$H21>0,"OF"," ") | BE5: =IF('Order Form'!$H21>0,"Y"," ") | BF5: =IF('Order Form'!$H21>0,"STANDARD"," ")
B6: =IF(ISNUMBER(($H6)),'Order Form'!$D$5,"") | C6: =IF(ISNUMBER(($H6)),'Order Form'!$G$5,"") | D6: =IF('Order Form'!F22="","",IF(ISNUMBER(($H6)),'Order Form'!F22,"")) | F6: =IF(ISNUMBER((H6)),SUBSTITUTE(SUBSTITUTE('Order Form'!B22,"-","")," ",""),"") | H6: =IF('Order Form'!H22>0,'Order Form'!H22," ") | I6: =IF('Order Form'!$K$13="Yes",(IF('Order Form'!J22>0,"",IF('Order Form'!$K$10<>"GR - Gratis",IF('Order Form'!I22=0,"",IF(ISNUMBER($H6),'Order Form'!I22,"")),""))),"") | J6: =IF('Order Form'!$K$13="Yes",(IF('Order Form'!J22=0,"",IF('Order Form'!$K$10<>"GR - Gratis",IF(ISNUMBER($H6),'Order Form'!J22,""),""))),"") | L6: =IF('Order Form'!J22>0,"",IF('Order Form'!G22=0,"",IF('Order Form'!$K$10<>"GR - Gratis",IF('Order Form'!$K$12="Yes",IF(ISNUMBER($H6),'Order Form'!G22*100,""),""),""))) | M6: =IF('Order Form'!J22>0,"",IF('Order Form'!$K$17=0,"",IF('Order Form'!$K$17=0,"",IF('Order Form'!$K$10<>"GR - Gratis",IF('Order Form'!$K$12="Yes",IF(ISNUMBER($H6),'Order Form'!$K$17*100,""),""),"")))) | O6: =IF('Order Form'!$B$8="Name / Attent Of","",IF(ISNUMBER($H6),IF('Order Form'!$K$14="Yes",'Order Form'!$B$8,""),"")) | P6: =IF('Order Form'!$B$9="Company / Department","",IF(ISNUMBER($H6),IF('Order Form'!$K$14="Yes",'Order Form'!$B$9,""),"")) | Q6: =IF('Order Form'!$B$10="Address 1","",IF(ISNUMBER($H6),IF('Order Form'!$K$14="Yes",'Order Form'!$B$10,""),"")) | R6: =IF('Order Form'!$B$11="Address 2","",IF(ISNUMBER($H6),IF('Order Form'!$K$14="Yes",'Order Form'!$B$11,""),"")) | S6: =IF('Order Form'!$B$12="Address 3","",IF(ISNUMBER($H6),IF('Order Form'!$K$14="Yes",'Order Form'!$B$12,""),"")) | T6: =IF('Order Form'!$B$13="Town","",IF(ISNUMBER($H6),IF('Order Form'!$K$14="Yes",'Order Form'!$B$13,""),"")) | V6: =IF('Order Form'!$B$14="Post Code","",IF(ISNUMBER($H6),IF('Order Form'!$K$14="Yes",'Order Form'!$B$14,""),"")) | W6: =IF('Order Form'!$B$15="Country","",IF(ISNUMBER($H6),IF('Order Form'!$K$14="Yes",VLOOKUP('Order Form'!$B$15,Lists!N:O,2,0),""),"")) | Y6: =IF('Order Form'!$F$8="Phone","",IF(ISNUMBER($H6),IF('Order Form'!$K$14="Yes",'Order Form'!$F$8,""),"")) | Z6: =IF('Order Form'!$F$9="Email","",IF(ISNUMBER($H6),IF('Order Form'!$K$14="Yes",'Order Form'!$F$9,""),"")) | AC6: =IF(ISNUMBER(($H6)),LEFT('Order Form'!$K$10,2),"") | AE6: =IF(AC6="GR",LEFT('Order Form'!$K$11,2),"") | AI6: =IF(ISNUMBER(($H6)),IF('Order Form'!$K$16="Yes","P",""),"") | AZ6: =IF(ISNUMBER(($H6)),IF('Order Form'!$K$15="Yes","Y",""),"") | BD6: =IF('Order Form'!$H22>0,"OF"," ") | BE6: =IF('Order Form'!$H22>0,"Y"," ") | BF6: =IF('Order Form'!$H22>0,"STANDARD"," ")
B7: =IF(ISNUMBER(($H7)),'Order Form'!$D$5,"") | C7: =IF(ISNUMBER(($H7)),'Order Form'!$G$5,"") | D7: =IF('Order Form'!F23="","",IF(ISNUMBER(($H7)),'Order Form'!F23,"")) | F7: =IF(ISNUMBER((H7)),SUBSTITUTE(SUBSTITUTE('Order Form'!B23,"-","")," ",""),"") | H7: =IF('Order Form'!H23>0,'Order Form'!H23," ") | I7: =IF('Order Form'!$K$13="Yes",(IF('Order Form'!J23>0,"",IF('Order Form'!$K$10<>"GR - Gratis",IF('Order Form'!I23=0,"",IF(ISNUMBER($H7),'Order Form'!I23,"")),""))),"") | J7: =IF('Order Form'!$K$13="Yes",(IF('Order Form'!J23=0,"",IF('Order Form'!$K$10<>"GR - Gratis",IF(ISNUMBER($H7),'Order Form'!J23,""),""))),"") | L7: =IF('Order Form'!J23>0,"",IF('Order Form'!G23=0,"",IF('Order Form'!$K$10<>"GR - Gratis",IF('Order Form'!$K$12="Yes",IF(ISNUMBER($H7),'Order Form'!G23*100,""),""),""))) | M7: =IF('Order Form'!J23>0,"",IF('Order Form'!$K$17=0,"",IF('Order Form'!$K$17=0,"",IF('Order Form'!$K$10<>"GR - Gratis",IF('Order Form'!$K$12="Yes",IF(ISNUMBER($H7),'Order Form'!$K$17*100,""),""),"")))) | O7: =IF('Order Form'!$B$8="Name / Attent Of","",IF(ISNUMBER($H7),IF('Order Form'!$K$14="Yes",'Order Form'!$B$8,""),"")) | P7: =IF('Order Form'!$B$9="Company / Department","",IF(ISNUMBER($H7),IF('Order Form'!$K$14="Yes",'Order Form'!$B$9,""),"")) | Q7: =IF('Order Form'!$B$10="Address 1","",IF(ISNUMBER($H7),IF('Order Form'!$K$14="Yes",'Order Form'!$B$10,""),"")) | R7: =IF('Order Form'!$B$11="Address 2","",IF(ISNUMBER($H7),IF('Order Form'!$K$14="Yes",'Order Form'!$B$11,""),"")) | S7: =IF('Order Form'!$B$12="Address 3","",IF(ISNUMBER($H7),IF('Order Form'!$K$14="Yes",'Order Form'!$B$12,""),"")) | T7: =IF('Order Form'!$B$13="Town","",IF(ISNUMBER($H7),IF('Order Form'!$K$14="Yes",'Order Form'!$B$13,""),"")) | V7: =IF('Order Form'!$B$14="Post Code","",IF(ISNUMBER($H7),IF('Order Form'!$K$14="Yes",'Order Form'!$B$14,""),"")) | W7: =IF('Order Form'!$B$15="Country","",IF(ISNUMBER($H7),IF('Order Form'!$K$14="Yes",VLOOKUP('Order Form'!$B$15,Lists!N:O,2,0),""),"")) | Y7: =IF('Order Form'!$F$8="Phone","",IF(ISNUMBER($H7),IF('Order Form'!$K$14="Yes",'Order Form'!$F$8,""),"")) | Z7: =IF('Order Form'!$F$9="Email","",IF(ISNUMBER($H7),IF('Order Form'!$K$14="Yes",'Order Form'!$F$9,""),"")) | AC7: =IF(ISNUMBER(($H7)),LEFT('Order Form'!$K$10,2),"") | AE7: =IF(AC7="GR",LEFT('Order Form'!$K$11,2),"") | AI7: =IF(ISNUMBER(($H7)),IF('Order Form'!$K$16="Yes","P",""),"") | AZ7: =IF(ISNUMBER(($H7)),IF('Order Form'!$K$15="Yes","Y",""),"") | BD7: =IF('Order Form'!$H23>0,"OF"," ") | BE7: =IF('Order Form'!$H23>0,"Y"," ") | BF7: =IF('Order Form'!$H23>0,"STANDARD"," ")
B8: =IF(ISNUMBER(($H8)),'Order Form'!$D$5,"") | C8: =IF(ISNUMBER(($H8)),'Order Form'!$G$5,"") | D8: =IF('Order Form'!F24="","",IF(ISNUMBER(($H8)),'Order Form'!F24,"")) | F8: =IF(ISNUMBER((H8)),SUBSTITUTE(SUBSTITUTE('Order Form'!B24,"-","")," ",""),"") | H8: =IF('Order Form'!H24>0,'Order Form'!H24," ") | I8: =IF('Order Form'!$K$13="Yes",(IF('Order Form'!J24>0,"",IF('Order Form'!$K$10<>"GR - Gratis",IF('Order Form'!I24=0,"",IF(ISNUMBER($H8),'Order Form'!I24,"")),""))),"") | J8: =IF('Order Form'!$K$13="Yes",(IF('Order Form'!J24=0,"",IF('Order Form'!$K$10<>"GR - Gratis",IF(ISNUMBER($H8),'Order Form'!J24,""),""))),"") | L8: =IF('Order Form'!J24>0,"",IF('Order Form'!G24=0,"",IF('Order Form'!$K$10<>"GR - Gratis",IF('Order Form'!$K$12="Yes",IF(ISNUMBER($H8),'Order Form'!G24*100,""),""),""))) | M8: =IF('Order Form'!J24>0,"",IF('Order Form'!$K$17=0,"",IF('Order Form'!$K$17=0,"",IF('Order Form'!$K$10<>"GR - Gratis",IF('Order Form'!$K$12="Yes",IF(ISNUMBER($H8),'Order Form'!$K$17*100,""),""),"")))) | O8: =IF('Order Form'!$B$8="Name / Attent Of","",IF(ISNUMBER($H8),IF('Order Form'!$K$14="Yes",'Order Form'!$B$8,""),"")) | P8: =IF('Order Form'!$B$9="Company / Department","",IF(ISNUMBER($H8),IF('Order Form'!$K$14="Yes",'Order Form'!$B$9,""),"")) | Q8: =IF('Order Form'!$B$10="Address 1","",IF(ISNUMBER($H8),IF('Order Form'!$K$14="Yes",'Order Form'!$B$10,""),"")) | R8: =IF('Order Form'!$B$11="Address 2","",IF(ISNUMBER($H8),IF('Order Form'!$K$14="Yes",'Order Form'!$B$11,""),"")) | S8: =IF('Order Form'!$B$12="Address 3","",IF(ISNUMBER($H8),IF('Order Form'!$K$14="Yes",'Order Form'!$B$12,""),"")) | T8: =IF('Order Form'!$B$13="Town","",IF(ISNUMBER($H8),IF('Order Form'!$K$14="Yes",'Order Form'!$B$13,""),"")) | V8: =IF('Order Form'!$B$14="Post Code","",IF(ISNUMBER($H8),IF('Order Form'!$K$14="Yes",'Order Form'!$B$14,""),"")) | W8: =IF('Order Form'!$B$15="Country","",IF(ISNUMBER($H8),IF('Order Form'!$K$14="Yes",VLOOKUP('Order Form'!$B$15,Lists!N:O,2,0),""),"")) | Y8: =IF('Order Form'!$F$8="Phone","",IF(ISNUMBER($H8),IF('Order Form'!$K$14="Yes",'Order Form'!$F$8,""),"")) | Z8: =IF('Order Form'!$F$9="Email","",IF(ISNUMBER($H8),IF('Order Form'!$K$14="Yes",'Order Form'!$F$9,""),"")) | AC8: =IF(ISNUMBER(($H8)),LEFT('Order Form'!$K$10,2),"") | AE8: =IF(AC8="GR",LEFT('Order Form'!$K$11,2),"") | AI8: =IF(ISNUMBER(($H8)),IF('Order Form'!$K$16="Yes","P",""),"") | AZ8: =IF(ISNUMBER(($H8)),IF('Order Form'!$K$15="Yes","Y",""),"") | BD8: =IF('Order Form'!$H24>0,"OF"," ") | BE8: =IF('Order Form'!$H24>0,"Y"," ") | BF8: =IF('Order Form'!$H24>0,"STANDARD"," ")
B9: =IF(ISNUMBER(($H9)),'Order Form'!$D$5,"") | C9: =IF(ISNUMBER(($H9)),'Order Form'!$G$5,"") | D9: =IF('Order Form'!F25="","",IF(ISNUMBER(($H9)),'Order Form'!F25,"")) | F9: =IF(ISNUMBER((H9)),SUBSTITUTE(SUBSTITUTE('Order Form'!B25,"-","")," ",""),"") | H9: =IF('Order Form'!H25>0,'Order Form'!H25," ") | I9: =IF('Order Form'!$K$13="Yes",(IF('Order Form'!J25>0,"",IF('Order Form'!$K$10<>"GR - Gratis",IF('Order Form'!I25=0,"",IF(ISNUMBER($H9),'Order Form'!I25,"")),""))),"") | J9: =IF('Order Form'!$K$13="Yes",(IF('Order Form'!J25=0,"",IF('Order Form'!$K$10<>"GR - Gratis",IF(ISNUMBER($H9),'Order Form'!J25,""),""))),"") | L9: =IF('Order Form'!J25>0,"",IF('Order Form'!G25=0,"",IF('Order Form'!$K$10<>"GR - Gratis",IF('Order Form'!$K$12="Yes",IF(ISNUMBER($H9),'Order Form'!G25*100,""),""),""))) | M9: =IF('Order Form'!J25>0,"",IF('Order Form'!$K$17=0,"",IF('Order Form'!$K$17=0,"",IF('Order Form'!$K$10<>"GR - Gratis",IF('Order Form'!$K$12="Yes",IF(ISNUMBER($H9),'Order Form'!$K$17*100,""),""),"")))) | O9: =IF('Order Form'!$B$8="Name / Attent Of","",IF(ISNUMBER($H9),IF('Order Form'!$K$14="Yes",'Order Form'!$B$8,""),"")) | P9: =IF('Order Form'!$B$9="Company / Department","",IF(ISNUMBER($H9),IF('Order Form'!$K$14="Yes",'Order Form'!$B$9,""),"")) | Q9: =IF('Order Form'!$B$10="Address 1","",IF(ISNUMBER($H9),IF('Order Form'!$K$14="Yes",'Order Form'!$B$10,""),"")) | R9: =IF('Order Form'!$B$11="Address 2","",IF(ISNUMBER($H9),IF('Order Form'!$K$14="Yes",'Order Form'!$B$11,""),"")) | S9: =IF('Order Form'!$B$12="Address 3","",IF(ISNUMBER($H9),IF('Order Form'!$K$14="Yes",'Order Form'!$B$12,""),"")) | T9: =IF('Order Form'!$B$13="Town","",IF(ISNUMBER($H9),IF('Order Form'!$K$14="Yes",'Order Form'!$B$13,""),"")) | V9: =IF('Order Form'!$B$14="Post Code","",IF(ISNUMBER($H9),IF('Order Form'!$K$14="Yes",'Order Form'!$B$14,""),"")) | W9: =IF('Order Form'!$B$15="Country","",IF(ISNUMBER($H9),IF('Order Form'!$K$14="Yes",VLOOKUP('Order Form'!$B$15,Lists!N:O,2,0),""),"")) | Y9: =IF('Order Form'!$F$8="Phone","",IF(ISNUMBER($H9),IF('Order Form'!$K$14="Yes",'Order Form'!$F$8,""),"")) | Z9: =IF('Order Form'!$F$9="Email","",IF(ISNUMBER($H9),IF('Order Form'!$K$14="Yes",'Order Form'!$F$9,""),"")) | AC9: =IF(ISNUMBER(($H9)),LEFT('Order Form'!$K$10,2),"") | AE9: =IF(AC9="GR",LEFT('Order Form'!$K$11,2),"") | AI9: =IF(ISNUMBER(($H9)),IF('Order Form'!$K$16="Yes","P",""),"") | AZ9: =IF(ISNUMBER(($H9)),IF('Order Form'!$K$15="Yes","Y",""),"") | BD9: =IF('Order Form'!$H25>0,"OF"," ") | BE9: =IF('Order Form'!$H25>0,"Y"," ") | BF9: =IF('Order Form'!$H25>0,"STANDARD"," ")
B10: =IF(ISNUMBER(($H10)),'Order Form'!$D$5,"") | C10: =IF(ISNUMBER(($H10)),'Order Form'!$G$5,"") | D10: =IF('Order Form'!F26="","",IF(ISNUMBER(($H10)),'Order Form'!F26,"")) | F10: =IF(ISNUMBER((H10)),SUBSTITUTE(SUBSTITUTE('Order Form'!B26,"-","")," ",""),"") | H10: =IF('Order Form'!H26>0,'Order Form'!H26," ") | I10: =IF('Order Form'!$K$13="Yes",(IF('Order Form'!J26>0,"",IF('Order Form'!$K$10<>"GR - Gratis",IF('Order Form'!I26=0,"",IF(ISNUMBER($H10),'Order Form'!I26,"")),""))),"") | J10: =IF('Order Form'!$K$13="Yes",(IF('Order Form'!J26=0,"",IF('Order Form'!$K$10<>"GR - Gratis",IF(ISNUMBER($H10),'Order Form'!J26,""),""))),"") | L10: =IF('Order Form'!J26>0,"",IF('Order Form'!G26=0,"",IF('Order Form'!$K$10<>"GR - Gratis",IF('Order Form'!$K$12="Yes",IF(ISNUMBER($H10),'Order Form'!G26*100,""),""),""))) | M10: =IF('Order Form'!J26>0,"",IF('Order Form'!$K$17=0,"",IF('Order Form'!$K$17=0,"",IF('Order Form'!$K$10<>"GR - Gratis",IF('Order Form'!$K$12="Yes",IF(ISNUMBER($H10),'Order Form'!$K$17*100,""),""),"")))) | O10: =IF('Order Form'!$B$8="Name / Attent Of","",IF(ISNUMBER($H10),IF('Order Form'!$K$14="Yes",'Order Form'!$B$8,""),"")) | P10: =IF('Order Form'!$B$9="Company / Department","",IF(ISNUMBER($H10),IF('Order Form'!$K$14="Yes",'Order Form'!$B$9,""),"")) | Q10: =IF('Order Form'!$B$10="Address 1","",IF(ISNUMBER($H10),IF('Order Form'!$K$14="Yes",'Order Form'!$B$10,""),"")) | R10: =IF('Order Form'!$B$11="Address 2","",IF(ISNUMBER($H10),IF('Order Form'!$K$14="Yes",'Order Form'!$B$11,""),"")) | S10: =IF('Order Form'!$B$12="Address 3","",IF(ISNUMBER($H10),IF('Order Form'!$K$14="Yes",'Order Form'!$B$12,""),"")) | T10: =IF('Order Form'!$B$13="Town","",IF(ISNUMBER($H10),IF('Order Form'!$K$14="Yes",'Order Form'!$B$13,""),"")) | V10: =IF('Order Form'!$B$14="Post Code","",IF(ISNUMBER($H10),IF('Order Form'!$K$14="Yes",'Order Form'!$B$14,""),"")) | W10: =IF('Order Form'!$B$15="Country","",IF(ISNUMBER($H10),IF('Order Form'!$K$14="Yes",VLOOKUP('Order Form'!$B$15,Lists!N:O,2,0),""),"")) | Y10: =IF('Order Form'!$F$8="Phone","",IF(ISNUMBER($H10),IF('Order Form'!$K$14="Yes",'Order Form'!$F$8,""),"")) | Z10: =IF('Order Form'!$F$9="Email","",IF(ISNUMBER($H10),IF('Order Form'!$K$14="Yes",'Order Form'!$F$9,""),"")) | AC10: =IF(ISNUMBER(($H10)),LEFT('Order Form'!$K$10,2),"") | AE10: =IF(AC10="GR",LEFT('Order Form'!$K$11,2),"") | AI10: =IF(ISNUMBER(($H10)),IF('Order Form'!$K$16="Yes","P",""),"") | AZ10: =IF(ISNUMBER(($H10)),IF('Order Form'!$K$15="Yes","Y",""),"") | BD10: =IF('Order Form'!$H26>0,"OF"," ") | BE10: =IF('Order Form'!$H26>0,"Y"," ") | BF10: =IF('Order Form'!$H26>0,"STANDARD"," ")
B11: =IF(ISNUMBER(($H11)),'Order Form'!$D$5,"") | C11: =IF(ISNUMBER(($H11)),'Order Form'!$G$5,"") | D11: =IF('Order Form'!F27="","",IF(ISNUMBER(($H11)),'Order Form'!F27,"")) | F11: =IF(ISNUMBER((H11)),SUBSTITUTE(SUBSTITUTE('Order Form'!B27,"-","")," ",""),"") | H11: =IF('Order Form'!H27>0,'Order Form'!H27," ") | I11: =IF('Order Form'!$K$13="Yes",(IF('Order Form'!J27>0,"",IF('Order Form'!$K$10<>"GR - Gratis",IF('Order Form'!I27=0,"",IF(ISNUMBER($H11),'Order Form'!I27,"")),""))),"") | J11: =IF('Order Form'!$K$13="Yes",(IF('Order Form'!J27=0,"",IF('Order Form'!$K$10<>"GR - Gratis",IF(ISNUMBER($H11),'Order Form'!J27,""),""))),"") | L11: =IF('Order Form'!J27>0,"",IF('Order Form'!G27=0,"",IF('Order Form'!$K$10<>"GR - Gratis",IF('Order Form'!$K$12="Yes",IF(ISNUMBER($H11),'Order Form'!G27*100,""),""),""))) | M11: =IF('Order Form'!J27>0,"",IF('Order Form'!$K$17=0,"",IF('Order Form'!$K$17=0,"",IF('Order Form'!$K$10<>"GR - Gratis",IF('Order Form'!$K$12="Yes",IF(ISNUMBER($H11),'Order Form'!$K$17*100,""),""),"")))) | O11: =IF('Order Form'!$B$8="Name / Attent Of","",IF(ISNUMBER($H11),IF('Order Form'!$K$14="Yes",'Order Form'!$B$8,""),"")) | P11: =IF('Order Form'!$B$9="Company / Department","",IF(ISNUMBER($H11),IF('Order Form'!$K$14="Yes",'Order Form'!$B$9,""),"")) | Q11: =IF('Order Form'!$B$10="Address 1","",IF(ISNUMBER($H11),IF('Order Form'!$K$14="Yes",'Order Form'!$B$10,""),"")) | R11: =IF('Order Form'!$B$11="Address 2","",IF(ISNUMBER($H11),IF('Order Form'!$K$14="Yes",'Order Form'!$B$11,""),"")) | S11: =IF('Order Form'!$B$12="Address 3","",IF(ISNUMBER($H11),IF('Order Form'!$K$14="Yes",'Order Form'!$B$12,""),"")) | T11: =IF('Order Form'!$B$13="Town","",IF(ISNUMBER($H11),IF('Order Form'!$K$14="Yes",'Order Form'!$B$13,""),"")) | V11: =IF('Order Form'!$B$14="Post Code","",IF(ISNUMBER($H11),IF('Order Form'!$K$14="Yes",'Order Form'!$B$14,""),"")) | W11: =IF('Order Form'!$B$15="Country","",IF(ISNUMBER($H11),IF('Order Form'!$K$14="Yes",VLOOKUP('Order Form'!$B$15,Lists!N:O,2,0),""),"")) | Y11: =IF('Order Form'!$F$8="Phone","",IF(ISNUMBER($H11),IF('Order Form'!$K$14="Yes",'Order Form'!$F$8,""),"")) | Z11: =IF('Order Form'!$F$9="Email","",IF(ISNUMBER($H11),IF('Order Form'!$K$14="Yes",'Order Form'!$F$9,""),"")) | AC11: =IF(ISNUMBER(($H11)),LEFT('Order Form'!$K$10,2),"") | AE11: =IF(AC11="GR",LEFT('Order Form'!$K$11,2),"") | AI11: =IF(ISNUMBER(($H11)),IF('Order Form'!$K$16="Yes","P",""),"") | AZ11: =IF(ISNUMBER(($H11)),IF('Order Form'!$K$15="Yes","Y",""),"") | BD11: =IF('Order Form'!$H27>0,"OF"," ") | BE11: =IF('Order Form'!$H27>0,"Y"," ") | BF11: =IF('Order Form'!$H27>0,"STANDARD"," ")
B12: =IF(ISNUMBER(($H12)),'Order Form'!$D$5,"") | C12: =IF(ISNUMBER(($H12)),'Order Form'!$G$5,"") | D12: =IF('Order Form'!F28="","",IF(ISNUMBER(($H12)),'Order Form'!F28,"")) | F12: =IF(ISNUMBER((H12)),SUBSTITUTE(SUBSTITUTE('Order Form'!B28,"-","")," ",""),"") | H12: =IF('Order Form'!H28>0,'Order Form'!H28," ") | I12: =IF('Order Form'!$K$13="Yes",(IF('Order Form'!J28>0,"",IF('Order Form'!$K$10<>"GR - Gratis",IF('Order Form'!I28=0,"",IF(ISNUMBER($H12),'Order Form'!I28,"")),""))),"") | J12: =IF('Order Form'!$K$13="Yes",(IF('Order Form'!J28=0,"",IF('Order Form'!$K$10<>"GR - Gratis",IF(ISNUMBER($H12),'Order Form'!J28,""),""))),"") | L12: =IF('Order Form'!J28>0,"",IF('Order Form'!G28=0,"",IF('Order Form'!$K$10<>"GR - Gratis",IF('Order Form'!$K$12="Yes",IF(ISNUMBER($H12),'Order Form'!G28*100,""),""),""))) | M12: =IF('Order Form'!J28>0,"",IF('Order Form'!$K$17=0,"",IF('Order Form'!$K$17=0,"",IF('Order Form'!$K$10<>"GR - Gratis",IF('Order Form'!$K$12="Yes",IF(ISNUMBER($H12),'Order Form'!$K$17*100,""),""),"")))) | O12: =IF('Order Form'!$B$8="Name / Attent Of","",IF(ISNUMBER($H12),IF('Order Form'!$K$14="Yes",'Order Form'!$B$8,""),"")) | P12: =IF('Order Form'!$B$9="Company / Department","",IF(ISNUMBER($H12),IF('Order Form'!$K$14="Yes",'Order Form'!$B$9,""),"")) | Q12: =IF('Order Form'!$B$10="Address 1","",IF(ISNUMBER($H12),IF('Order Form'!$K$14="Yes",'Order Form'!$B$10,""),"")) | R12: =IF('Order Form'!$B$11="Address 2","",IF(ISNUMBER($H12),IF('Order Form'!$K$14="Yes",'Order Form'!$B$11,""),"")) | S12: =IF('Order Form'!$B$12="Address 3","",IF(ISNUMBER($H12),IF('Order Form'!$K$14="Yes",'Order Form'!$B$12,""),"")) | T12: =IF('Order Form'!$B$13="Town","",IF(ISNUMBER($H12),IF('Order Form'!$K$14="Yes",'Order Form'!$B$13,""),"")) | V12: =IF('Order Form'!$B$14="Post Code","",IF(ISNUMBER($H12),IF('Order Form'!$K$14="Yes",'Order Form'!$B$14,""),"")) | W12: =IF('Order Form'!$B$15="Country","",IF(ISNUMBER($H12),IF('Order Form'!$K$14="Yes",VLOOKUP('Order Form'!$B$15,Lists!N:O,2,0),""),"")) | Y12: =IF('Order Form'!$F$8="Phone","",IF(ISNUMBER($H12),IF('Order Form'!$K$14="Yes",'Order Form'!$F$8,""),"")) | Z12: =IF('Order Form'!$F$9="Email","",IF(ISNUMBER($H12),IF('Order Form'!$K$14="Yes",'Order Form'!$F$9,""),"")) | AC12: =IF(ISNUMBER(($H12)),LEFT('Order Form'!$K$10,2),"") | AE12: =IF(AC12="GR",LEFT('Order Form'!$K$11,2),"") | AI12: =IF(ISNUMBER(($H12)),IF('Order Form'!$K$16="Yes","P",""),"") | AZ12: =IF(ISNUMBER(($H12)),IF('Order Form'!$K$15="Yes","Y",""),"") | BD12: =IF('Order Form'!$H28>0,"OF"," ") | BE12: =IF('Order Form'!$H28>0,"Y"," ") | BF12: =IF('Order Form'!$H28>0,"STANDARD"," ")
B13: =IF(ISNUMBER(($H13)),'Order Form'!$D$5,"") | C13: =IF(ISNUMBER(($H13)),'Order Form'!$G$5,"") | D13: =IF('Order Form'!F29="","",IF(ISNUMBER(($H13)),'Order Form'!F29,"")) | F13: =IF(ISNUMBER((H13)),SUBSTITUTE(SUBSTITUTE('Order Form'!B29,"-","")," ",""),"") | H13: =IF('Order Form'!H29>0,'Order Form'!H29," ") | I13: =IF('Order Form'!$K$13="Yes",(IF('Order Form'!J29>0,"",IF('Order Form'!$K$10<>"GR - Gratis",IF('Order Form'!I29=0,"",IF(ISNUMBER($H13),'Order Form'!I29,"")),""))),"") | J13: =IF('Order Form'!$K$13="Yes",(IF('Order Form'!J29=0,"",IF('Order Form'!$K$10<>"GR - Gratis",IF(ISNUMBER($H13),'Order Form'!J29,""),""))),"") | L13: =IF('Order Form'!J29>0,"",IF('Order Form'!G29=0,"",IF('Order Form'!$K$10<>"GR - Gratis",IF('Order Form'!$K$12="Yes",IF(ISNUMBER($H13),'Order Form'!G29*100,""),""),""))) | M13: =IF('Order Form'!J29>0,"",IF('Order Form'!$K$17=0,"",IF('Order Form'!$K$17=0,"",IF('Order Form'!$K$10<>"GR - Gratis",IF('Order Form'!$K$12="Yes",IF(ISNUMBER($H13),'Order Form'!$K$17*100,""),""),"")))) | O13: =IF('Order Form'!$B$8="Name / Attent Of","",IF(ISNUMBER($H13),IF('Order Form'!$K$14="Yes",'Order Form'!$B$8,""),"")) | P13: =IF('Order Form'!$B$9="Company / Department","",IF(ISNUMBER($H13),IF('Order Form'!$K$14="Yes",'Order Form'!$B$9,""),"")) | Q13: =IF('Order Form'!$B$10="Address 1","",IF(ISNUMBER($H13),IF('Order Form'!$K$14="Yes",'Order Form'!$B$10,""),"")) | R13: =IF('Order Form'!$B$11="Address 2","",IF(ISNUMBER($H13),IF('Order Form'!$K$14="Yes",'Order Form'!$B$11,""),"")) | S13: =IF('Order Form'!$B$12="Address 3","",IF(ISNUMBER($H13),IF('Order Form'!$K$14="Yes",'Order Form'!$B$12,""),"")) | T13: =IF('Order Form'!$B$13="Town","",IF(ISNUMBER($H13),IF('Order Form'!$K$14="Yes",'Order Form'!$B$13,""),"")) | V13: =IF('Order Form'!$B$14="Post Code","",IF(ISNUMBER($H13),IF('Order Form'!$K$14="Yes",'Order Form'!$B$14,""),"")) | W13: =IF('Order Form'!$B$15="Country","",IF(ISNUMBER($H13),IF('Order Form'!$K$14="Yes",VLOOKUP('Order Form'!$B$15,Lists!N:O,2,0),""),"")) | Y13: =IF('Order Form'!$F$8="Phone","",IF(ISNUMBER($H13),IF('Order Form'!$K$14="Yes",'Order Form'!$F$8,""),"")) | Z13: =IF('Order Form'!$F$9="Email","",IF(ISNUMBER($H13),IF('Order Form'!$K$14="Yes",'Order Form'!$F$9,""),"")) | AC13: =IF(ISNUMBER(($H13)),LEFT('Order Form'!$K$10,2),"") | AE13: =IF(AC13="GR",LEFT('Order Form'!$K$11,2),"") | AI13: =IF(ISNUMBER(($H13)),IF('Order Form'!$K$16="Yes","P",""),"") | AZ13: =IF(ISNUMBER(($H13)),IF('Order Form'!$K$15="Yes","Y",""),"") | BD13: =IF('Order Form'!$H29>0,"OF"," ") | BE13: =IF('Order Form'!$H29>0,"Y"," ") | BF13: =IF('Order Form'!$H29>0,"STANDARD"," ")
B14: =IF(ISNUMBER(($H14)),'Order Form'!$D$5,"") | C14: =IF(ISNUMBER(($H14)),'Order Form'!$G$5,"") | D14: =IF('Order Form'!F30="","",IF(ISNUMBER(($H14)),'Order Form'!F30,"")) | F14: =IF(ISNUMBER((H14)),SUBSTITUTE(SUBSTITUTE('Order Form'!B30,"-","")," ",""),"") | H14: =IF('Order Form'!H30>0,'Order Form'!H30," ") | I14: =IF('Order Form'!$K$13="Yes",(IF('Order Form'!J30>0,"",IF('Order Form'!$K$10<>"GR - Gratis",IF('Order Form'!I30=0,"",IF(ISNUMBER($H14),'Order Form'!I30,"")),""))),"") | J14: =IF('Order Form'!$K$13="Yes",(IF('Order Form'!J30=0,"",IF('Order Form'!$K$10<>"GR - Gratis",IF(ISNUMBER($H14),'Order Form'!J30,""),""))),"") | L14: =IF('Order Form'!J30>0,"",IF('Order Form'!G30=0,"",IF('Order Form'!$K$10<>"GR - Gratis",IF('Order Form'!$K$12="Yes",IF(ISNUMBER($H14),'Order Form'!G30*100,""),""),""))) | M14: =IF('Order Form'!J30>0,"",IF('Order Form'!$K$17=0,"",IF('Order Form'!$K$17=0,"",IF('Order Form'!$K$10<>"GR - Gratis",IF('Order Form'!$K$12="Yes",IF(ISNUMBER($H14),'Order Form'!$K$17*100,""),""),"")))) | O14: =IF('Order Form'!$B$8="Name / Attent Of","",IF(ISNUMBER($H14),IF('Order Form'!$K$14="Yes",'Order Form'!$B$8,""),"")) | P14: =IF('Order Form'!$B$9="Company / Department","",IF(ISNUMBER($H14),IF('Order Form'!$K$14="Yes",'Order Form'!$B$9,""),"")) | Q14: =IF('Order Form'!$B$10="Address 1","",IF(ISNUMBER($H14),IF('Order Form'!$K$14="Yes",'Order Form'!$B$10,""),"")) | R14: =IF('Order Form'!$B$11="Address 2","",IF(ISNUMBER($H14),IF('Order Form'!$K$14="Yes",'Order Form'!$B$11,""),"")) | S14: =IF('Order Form'!$B$12="Address 3","",IF(ISNUMBER($H14),IF('Order Form'!$K$14="Yes",'Order Form'!$B$12,""),"")) | T14: =IF('Order Form'!$B$13="Town","",IF(ISNUMBER($H14),IF('Order Form'!$K$14="Yes",'Order Form'!$B$13,""),"")) | V14: =IF('Order Form'!$B$14="Post Code","",IF(ISNUMBER($H14),IF('Order Form'!$K$14="Yes",'Order Form'!$B$14,""),"")) | W14: =IF('Order Form'!$B$15="Country","",IF(ISNUMBER($H14),IF('Order Form'!$K$14="Yes",VLOOKUP('Order Form'!$B$15,Lists!N:O,2,0),""),"")) | Y14: =IF('Order Form'!$F$8="Phone","",IF(ISNUMBER($H14),IF('Order Form'!$K$14="Yes",'Order Form'!$F$8,""),"")) | Z14: =IF('Order Form'!$F$9="Email","",IF(ISNUMBER($H14),IF('Order Form'!$K$14="Yes",'Order Form'!$F$9,""),"")) | AC14: =IF(ISNUMBER(($H14)),LEFT('Order Form'!$K$10,2),"") | AE14: =IF(AC14="GR",LEFT('Order Form'!$K$11,2),"") | AI14: =IF(ISNUMBER(($H14)),IF('Order Form'!$K$16="Yes","P",""),"") | AZ14: =IF(ISNUMBER(($H14)),IF('Order Form'!$K$15="Yes","Y",""),"") | BD14: =IF('Order Form'!$H30>0,"OF"," ") | BE14: =IF('Order Form'!$H30>0,"Y"," ") | BF14: =IF('Order Form'!$H30>0,"STANDARD"," ")
B15: =IF(ISNUMBER(($H15)),'Order Form'!$D$5,"") | C15: =IF(ISNUMBER(($H15)),'Order Form'!$G$5,"") | D15: =IF('Order Form'!F31="","",IF(ISNUMBER(($H15)),'Order Form'!F31,"")) | F15: =IF(ISNUMBER((H15)),SUBSTITUTE(SUBSTITUTE('Order Form'!B31,"-","")," ",""),"") | H15: =IF('Order Form'!H31>0,'Order Form'!H31," ") | I15: =IF('Order Form'!$K$13="Yes",(IF('Order Form'!J31>0,"",IF('Order Form'!$K$10<>"GR - Gratis",IF('Order Form'!I31=0,"",IF(ISNUMBER($H15),'Order Form'!I31,"")),""))),"") | J15: =IF('Order Form'!$K$13="Yes",(IF('Order Form'!J31=0,"",IF('Order Form'!$K$10<>"GR - Gratis",IF(ISNUMBER($H15),'Order Form'!J31,""),""))),"") | L15: =IF('Order Form'!J31>0,"",IF('Order Form'!G31=0,"",IF('Order Form'!$K$10<>"GR - Gratis",IF('Order Form'!$K$12="Yes",IF(ISNUMBER($H15),'Order Form'!G31*100,""),""),""))) | M15: =IF('Order Form'!J31>0,"",IF('Order Form'!$K$17=0,"",IF('Order Form'!$K$17=0,"",IF('Order Form'!$K$10<>"GR - Gratis",IF('Order Form'!$K$12="Yes",IF(ISNUMBER($H15),'Order Form'!$K$17*100,""),""),"")))) | O15: =IF('Order Form'!$B$8="Name / Attent Of","",IF(ISNUMBER($H15),IF('Order Form'!$K$14="Yes",'Order Form'!$B$8,""),"")) | P15: =IF('Order Form'!$B$9="Company / Department","",IF(ISNUMBER($H15),IF('Order Form'!$K$14="Yes",'Order Form'!$B$9,""),"")) | Q15: =IF('Order Form'!$B$10="Address 1","",IF(ISNUMBER($H15),IF('Order Form'!$K$14="Yes",'Order Form'!$B$10,""),"")) | R15: =IF('Order Form'!$B$11="Address 2","",IF(ISNUMBER($H15),IF('Order Form'!$K$14="Yes",'Order Form'!$B$11,""),"")) | S15: =IF('Order Form'!$B$12="Address 3","",IF(ISNUMBER($H15),IF('Order Form'!$K$14="Yes",'Order Form'!$B$12,""),"")) | T15: =IF('Order Form'!$B$13="Town","",IF(ISNUMBER($H15),IF('Order Form'!$K$14="Yes",'Order Form'!$B$13,""),"")) | V15: =IF('Order Form'!$B$14="Post Code","",IF(ISNUMBER($H15),IF('Order Form'!$K$14="Yes",'Order Form'!$B$14,""),"")) | W15: =IF('Order Form'!$B$15="Country","",IF(ISNUMBER($H15),IF('Order Form'!$K$14="Yes",VLOOKUP('Order Form'!$B$15,Lists!N:O,2,0),""),"")) | Y15: =IF('Order Form'!$F$8="Phone","",IF(ISNUMBER($H15),IF('Order Form'!$K$14="Yes",'Order Form'!$F$8,""),"")) | Z15: =IF('Order Form'!$F$9="Email","",IF(ISNUMBER($H15),IF('Order Form'!$K$14="Yes",'Order Form'!$F$9,""),"")) | AC15: =IF(ISNUMBER(($H15)),LEFT('Order Form'!$K$10,2),"") | AE15: =IF(AC15="GR",LEFT('Order Form'!$K$11,2),"") | AI15: =IF(ISNUMBER(($H15)),IF('Order Form'!$K$16="Yes","P",""),"") | AZ15: =IF(ISNUMBER(($H15)),IF('Order Form'!$K$15="Yes","Y",""),"") | BD15: =IF('Order Form'!$H31>0,"OF"," ") | BE15: =IF('Order Form'!$H31>0,"Y"," ") | BF15: =IF('Order Form'!$H31>0,"STANDARD"," ")
... B55: =IF(ISNUMBER(($H55)),'Order Form'!$D$5,"") | C55: =IF(ISNUMBER(($H55)),'Order Form'!$G$5,"") | D55: =IF('Order Form'!F71="","",IF(ISNUMBER(($H55)),'Order Form'!F71,"")) | F55: =IF(ISNUMBER((H55)),SUBSTITUTE(SUBSTITUTE('Order Form'!B71,"-","")," ",""),"") | H55: =IF('Order Form'!H71>0,'Order Form'!H71," ") | I55: =IF('Order Form'!$K$13="Yes",(IF('Order Form'!J71>0,"",IF('Order Form'!$K$10<>"GR - Gratis",IF('Order Form'!I71=0,"",IF(ISNUMBER($H55),'Order Form'!I71,"")),""))),"") | J55: =IF('Order Form'!$K$13="Yes",(IF('Order Form'!J71=0,"",IF('Order Form'!$K$10<>"GR - Gratis",IF(ISNUMBER($H55),'Order Form'!J71,""),""))),"") | L55: =IF('Order Form'!J71>0,"",IF('Order Form'!G71=0,"",IF('Order Form'!$K$10<>"GR - Gratis",IF('Order Form'!$K$12="Yes",IF(ISNUMBER($H55),'Order Form'!G71*100,""),""),""))) | M55: =IF('Order Form'!J71>0,"",IF('Order Form'!$K$17=0,"",IF('Order Form'!$K$17=0,"",IF('Order Form'!$K$10<>"GR - Gratis",IF('Order Form'!$K$12="Yes",IF(ISNUMBER($H55),'Order Form'!$K$17*100,""),""),"")))) | O55: =IF('Order Form'!$B$8="Name / Attent Of","",IF(ISNUMBER($H55),IF('Order Form'!$K$14="Yes",'Order Form'!$B$8,""),"")) | P55: =IF('Order Form'!$B$9="Company / Department","",IF(ISNUMBER($H55),IF('Order Form'!$K$14="Yes",'Order Form'!$B$9,""),"")) | Q55: =IF('Order Form'!$B$10="Address 1","",IF(ISNUMBER($H55),IF('Order Form'!$K$14="Yes",'Order Form'!$B$10,""),"")) | R55: =IF('Order Form'!$B$11="Address 2","",IF(ISNUMBER($H55),IF('Order Form'!$K$14="Yes",'Order Form'!$B$11,""),"")) | S55: =IF('Order Form'!$B$12="Address 3","",IF(ISNUMBER($H55),IF('Order Form'!$K$14="Yes",'Order Form'!$B$12,""),"")) | T55: =IF('Order Form'!$B$13="Town","",IF(ISNUMBER($H55),IF('Order Form'!$K$14="Yes",'Order Form'!$B$13,""),"")) | V55: =IF('Order Form'!$B$14="Post Code","",IF(ISNUMBER($H55),IF('Order Form'!$K$14="Yes",'Order Form'!$B$14,""),"")) | W55: =IF('Order Form'!$B$15="Country","",IF(ISNUMBER($H55),IF('Order Form'!$K$14="Yes",VLOOKUP('Order Form'!$B$15,Lists!N:O,2,0),""),"")) | Y55: =IF('Order Form'!$F$8="Phone","",IF(ISNUMBER($H55),IF('Order Form'!$K$14="Yes",'Order Form'!$F$8,""),"")) | Z55: =IF('Order Form'!$F$9="Email","",IF(ISNUMBER($H55),IF('Order Form'!$K$14="Yes",'Order Form'!$F$9,""),"")) | AC55: =IF(ISNUMBER(($H55)),LEFT('Order Form'!$K$10,2),"") | AE55: =IF(AC55="GR",LEFT('Order Form'!$K$11,2),"") | AI55: =IF(ISNUMBER(($H55)),IF('Order Form'!$K$16="Yes","P",""),"") | AZ55: =IF(ISNUMBER(($H55)),IF('Order Form'!$K$15="Yes","Y",""),"") | BD55: =IF('Order Form'!$H71>0,"OF"," ") | BE55: =IF('Order Form'!$H71>0,"Y"," ") | BF55: =IF('Order Form'!$H71>0,"STANDARD"," ")
B56: =IF(ISNUMBER(($H56)),'Order Form'!$D$5,"") | C56: =IF(ISNUMBER(($H56)),'Order Form'!$G$5,"") | D56: =IF('Order Form'!#REF!="","",IF(ISNUMBER(($H56)),'Order Form'!#REF!,"")) -> #REF! | F56: =IF(ISNUMBER((H56)),SUBSTITUTE(SUBSTITUTE('Order Form'!#REF!,"-","")," ",""),"") | H56: =IF('Order Form'!#REF!>0,'Order Form'!#REF!," ") -> #REF! | I56: =IF('Order Form'!$K$13="Yes",(IF('Order Form'!#REF!>0,"",IF('Order Form'!$K$10<>"GR - Gratis",IF('Order Form'!#REF!=0,"",IF(ISNUMBER($H56),'Order Form'!#REF!,"")),""))),"") | J56: =IF('Order Form'!$K$13="Yes",(IF('Order Form'!#REF!=0,"",IF('Order Form'!$K$10<>"GR - Gratis",IF(ISNUMBER($H56),'Order Form'!#REF!,""),""))),"") | L56: =IF('Order Form'!#REF!>0,"",IF('Order Form'!#REF!=0,"",IF('Order Form'!$K$10<>"GR - Gratis",IF('Order Form'!$K$12="Yes",IF(ISNUMBER($H56),'Order Form'!#REF!*100,""),""),""))) -> #REF! | M56: =IF('Order Form'!#REF!>0,"",IF('Order Form'!$K$17=0,"",IF('Order Form'!$K$17=0,"",IF('Order Form'!$K$10<>"GR - Gratis",IF('Order Form'!$K$12="Yes",IF(ISNUMBER($H56),'Order Form'!$K$17*100,""),""),"")))) -> #REF! | O56: =IF('Order Form'!$B$8="Name / Attent Of","",IF(ISNUMBER($H56),IF('Order Form'!$K$14="Yes",'Order Form'!$B$8,""),"")) | P56: =IF('Order Form'!$B$9="Company / Department","",IF(ISNUMBER($H56),IF('Order Form'!$K$14="Yes",'Order Form'!$B$9,""),"")) | Q56: =IF('Order Form'!$B$10="Address 1","",IF(ISNUMBER($H56),IF('Order Form'!$K$14="Yes",'Order Form'!$B$10,""),"")) | R56: =IF('Order Form'!$B$11="Address 2","",IF(ISNUMBER($H56),IF('Order Form'!$K$14="Yes",'Order Form'!$B$11,""),"")) | S56: =IF('Order Form'!$B$12="Address 3","",IF(ISNUMBER($H56),IF('Order Form'!$K$14="Yes",'Order Form'!$B$12,""),"")) | T56: =IF('Order Form'!$B$13="Town","",IF(ISNUMBER($H56),IF('Order Form'!$K$14="Yes",'Order Form'!$B$13,""),"")) | V56: =IF('Order Form'!$B$14="Post Code","",IF(ISNUMBER($H56),IF('Order Form'!$K$14="Yes",'Order Form'!$B$14,""),"")) | W56: =IF('Order Form'!$B$15="Country","",IF(ISNUMBER($H56),IF('Order Form'!$K$14="Yes",VLOOKUP('Order Form'!$B$15,Lists!N:O,2,0),""),"")) | Y56: =IF('Order Form'!$F$8="Phone","",IF(ISNUMBER($H56),IF('Order Form'!$K$14="Yes",'Order Form'!$F$8,""),"")) | Z56: =IF('Order Form'!$F$9="Email","",IF(ISNUMBER($H56),IF('Order Form'!$K$14="Yes",'Order Form'!$F$9,""),"")) | AC56: =IF(ISNUMBER(($H56)),LEFT('Order Form'!$K$10,2),"") | AE56: =IF(AC56="GR",LEFT('Order Form'!$K$11,2),"") | AI56: =IF(ISNUMBER(($H56)),IF('Order Form'!$K$16="Yes","P",""),"") | AZ56: =IF(ISNUMBER(($H56)),IF('Order Form'!$K$15="Yes","Y",""),"") | BD56: =IF('Order Form'!#REF!>0,"OF"," ") -> #REF! | BE56: =IF('Order Form'!#REF!>0,"Y"," ") -> #REF! | BF56: =IF('Order Form'!#REF!>0,"STANDARD"," ") -> #REF!
B57: =IF(ISNUMBER(($H57)),'Order Form'!$D$5,"") | C57: =IF(ISNUMBER(($H57)),'Order Form'!$G$5,"") | D57: =IF('Order Form'!#REF!="","",IF(ISNUMBER(($H57)),'Order Form'!#REF!,"")) -> #REF! | F57: =IF(ISNUMBER((H57)),SUBSTITUTE(SUBSTITUTE('Order Form'!#REF!,"-","")," ",""),"") | H57: =IF('Order Form'!#REF!>0,'Order Form'!#REF!," ") -> #REF! | I57: =IF('Order Form'!$K$13="Yes",(IF('Order Form'!#REF!>0,"",IF('Order Form'!$K$10<>"GR - Gratis",IF('Order Form'!#REF!=0,"",IF(ISNUMBER($H57),'Order Form'!#REF!,"")),""))),"") | J57: =IF('Order Form'!$K$13="Yes",(IF('Order Form'!#REF!=0,"",IF('Order Form'!$K$10<>"GR - Gratis",IF(ISNUMBER($H57),'Order Form'!#REF!,""),""))),"") | L57: =IF('Order Form'!#REF!>0,"",IF('Order Form'!#REF!=0,"",IF('Order Form'!$K$10<>"GR - Gratis",IF('Order Form'!$K$12="Yes",IF(ISNUMBER($H57),'Order Form'!#REF!*100,""),""),""))) -> #REF! | M57: =IF('Order Form'!#REF!>0,"",IF('Order Form'!$K$17=0,"",IF('Order Form'!$K$17=0,"",IF('Order Form'!$K$10<>"GR - Gratis",IF('Order Form'!$K$12="Yes",IF(ISNUMBER($H57),'Order Form'!$K$17*100,""),""),"")))) -> #REF! | O57: =IF('Order Form'!$B$8="Name / Attent Of","",IF(ISNUMBER($H57),IF('Order Form'!$K$14="Yes",'Order Form'!$B$8,""),"")) | P57: =IF('Order Form'!$B$9="Company / Department","",IF(ISNUMBER($H57),IF('Order Form'!$K$14="Yes",'Order Form'!$B$9,""),"")) | Q57: =IF('Order Form'!$B$10="Address 1","",IF(ISNUMBER($H57),IF('Order Form'!$K$14="Yes",'Order Form'!$B$10,""),"")) | R57: =IF('Order Form'!$B$11="Address 2","",IF(ISNUMBER($H57),IF('Order Form'!$K$14="Yes",'Order Form'!$B$11,""),"")) | S57: =IF('Order Form'!$B$12="Address 3","",IF(ISNUMBER($H57),IF('Order Form'!$K$14="Yes",'Order Form'!$B$12,""),"")) | T57: =IF('Order Form'!$B$13="Town","",IF(ISNUMBER($H57),IF('Order Form'!$K$14="Yes",'Order Form'!$B$13,""),"")) | V57: =IF('Order Form'!$B$14="Post Code","",IF(ISNUMBER($H57),IF('Order Form'!$K$14="Yes",'Order Form'!$B$14,""),"")) | W57: =IF('Order Form'!$B$15="Country","",IF(ISNUMBER($H57),IF('Order Form'!$K$14="Yes",VLOOKUP('Order Form'!$B$15,Lists!N:O,2,0),""),"")) | Y57: =IF('Order Form'!$F$8="Phone","",IF(ISNUMBER($H57),IF('Order Form'!$K$14="Yes",'Order Form'!$F$8,""),"")) | Z57: =IF('Order Form'!$F$9="Email","",IF(ISNUMBER($H57),IF('Order Form'!$K$14="Yes",'Order Form'!$F$9,""),"")) | AC57: =IF(ISNUMBER(($H57)),LEFT('Order Form'!$K$10,2),"") | AE57: =IF(AC57="GR",LEFT('Order Form'!$K$11,2),"") | AI57: =IF(ISNUMBER(($H57)),IF('Order Form'!$K$16="Yes","P",""),"") | AZ57: =IF(ISNUMBER(($H57)),IF('Order Form'!$K$15="Yes","Y",""),"") | BD57: =IF('Order Form'!#REF!>0,"OF"," ") -> #REF! | BE57: =IF('Order Form'!#REF!>0,"Y"," ") -> #REF! | BF57: =IF('Order Form'!#REF!>0,"STANDARD"," ") -> #REF!
B58: =IF(ISNUMBER(($H58)),'Order Form'!$D$5,"") | C58: =IF(ISNUMBER(($H58)),'Order Form'!$G$5,"") | D58: =IF('Order Form'!#REF!="","",IF(ISNUMBER(($H58)),'Order Form'!#REF!,"")) -> #REF! | F58: =IF(ISNUMBER((H58)),SUBSTITUTE(SUBSTITUTE('Order Form'!#REF!,"-","")," ",""),"") | H58: =IF('Order Form'!#REF!>0,'Order Form'!#REF!," ") -> #REF! | I58: =IF('Order Form'!$K$13="Yes",(IF('Order Form'!#REF!>0,"",IF('Order Form'!$K$10<>"GR - Gratis",IF('Order Form'!#REF!=0,"",IF(ISNUMBER($H58),'Order Form'!#REF!,"")),""))),"") | J58: =IF('Order Form'!$K$13="Yes",(IF('Order Form'!#REF!=0,"",IF('Order Form'!$K$10<>"GR - Gratis",IF(ISNUMBER($H58),'Order Form'!#REF!,""),""))),"") | L58: =IF('Order Form'!#REF!>0,"",IF('Order Form'!#REF!=0,"",IF('Order Form'!$K$10<>"GR - Gratis",IF('Order Form'!$K$12="Yes",IF(ISNUMBER($H58),'Order Form'!#REF!*100,""),""),""))) -> #REF! | M58: =IF('Order Form'!#REF!>0,"",IF('Order Form'!$K$17=0,"",IF('Order Form'!$K$17=0,"",IF('Order Form'!$K$10<>"GR - Gratis",IF('Order Form'!$K$12="Yes",IF(ISNUMBER($H58),'Order Form'!$K$17*100,""),""),"")))) -> #REF! | O58: =IF('Order Form'!$B$8="Name / Attent Of","",IF(ISNUMBER($H58),IF('Order Form'!$K$14="Yes",'Order Form'!$B$8,""),"")) | P58: =IF('Order Form'!$B$9="Company / Department","",IF(ISNUMBER($H58),IF('Order Form'!$K$14="Yes",'Order Form'!$B$9,""),"")) | Q58: =IF('Order Form'!$B$10="Address 1","",IF(ISNUMBER($H58),IF('Order Form'!$K$14="Yes",'Order Form'!$B$10,""),"")) | R58: =IF('Order Form'!$B$11="Address 2","",IF(ISNUMBER($H58),IF('Order Form'!$K$14="Yes",'Order Form'!$B$11,""),"")) | S58: =IF('Order Form'!$B$12="Address 3","",IF(ISNUMBER($H58),IF('Order Form'!$K$14="Yes",'Order Form'!$B$12,""),"")) | T58: =IF('Order Form'!$B$13="Town","",IF(ISNUMBER($H58),IF('Order Form'!$K$14="Yes",'Order Form'!$B$13,""),"")) | V58: =IF('Order Form'!$B$14="Post Code","",IF(ISNUMBER($H58),IF('Order Form'!$K$14="Yes",'Order Form'!$B$14,""),"")) | W58: =IF('Order Form'!$B$15="Country","",IF(ISNUMBER($H58),IF('Order Form'!$K$14="Yes",VLOOKUP('Order Form'!$B$15,Lists!N:O,2,0),""),"")) | Y58: =IF('Order Form'!$F$8="Phone","",IF(ISNUMBER($H58),IF('Order Form'!$K$14="Yes",'Order Form'!$F$8,""),"")) | Z58: =IF('Order Form'!$F$9="Email","",IF(ISNUMBER($H58),IF('Order Form'!$K$14="Yes",'Order Form'!$F$9,""),"")) | AC58: =IF(ISNUMBER(($H58)),LEFT('Order Form'!$K$10,2),"") | AE58: =IF(AC58="GR",LEFT('Order Form'!$K$11,2),"") | AI58: =IF(ISNUMBER(($H58)),IF('Order Form'!$K$16="Yes","P",""),"") | AZ58: =IF(ISNUMBER(($H58)),IF('Order Form'!$K$15="Yes","Y",""),"") | BD58: =IF('Order Form'!#REF!>0,"OF"," ") -> #REF! | BE58: =IF('Order Form'!#REF!>0,"Y"," ") -> #REF! | BF58: =IF('Order Form'!#REF!>0,"STANDARD"," ") -> #REF!
B59: =IF(ISNUMBER(($H59)),'Order Form'!$D$5,"") | C59: =IF(ISNUMBER(($H59)),'Order Form'!$G$5,"") | D59: =IF('Order Form'!#REF!="","",IF(ISNUMBER(($H59)),'Order Form'!#REF!,"")) -> #REF! | F59: =IF(ISNUMBER((H59)),SUBSTITUTE(SUBSTITUTE('Order Form'!#REF!,"-","")," ",""),"") | H59: =IF('Order Form'!#REF!>0,'Order Form'!#REF!," ") -> #REF! | I59: =IF('Order Form'!$K$13="Yes",(IF('Order Form'!#REF!>0,"",IF('Order Form'!$K$10<>"GR - Gratis",IF('Order Form'!#REF!=0,"",IF(ISNUMBER($H59),'Order Form'!#REF!,"")),""))),"") | J59: =IF('Order Form'!$K$13="Yes",(IF('Order Form'!#REF!=0,"",IF('Order Form'!$K$10<>"GR - Gratis",IF(ISNUMBER($H59),'Order Form'!#REF!,""),""))),"") | L59: =IF('Order Form'!#REF!>0,"",IF('Order Form'!#REF!=0,"",IF('Order Form'!$K$10<>"GR - Gratis",IF('Order Form'!$K$12="Yes",IF(ISNUMBER($H59),'Order Form'!#REF!*100,""),""),""))) -> #REF! | M59: =IF('Order Form'!#REF!>0,"",IF('Order Form'!$K$17=0,"",IF('Order Form'!$K$17=0,"",IF('Order Form'!$K$10<>"GR - Gratis",IF('Order Form'!$K$12="Yes",IF(ISNUMBER($H59),'Order Form'!$K$17*100,""),""),"")))) -> #REF! | O59: =IF('Order Form'!$B$8="Name / Attent Of","",IF(ISNUMBER($H59),IF('Order Form'!$K$14="Yes",'Order Form'!$B$8,""),"")) | P59: =IF('Order Form'!$B$9="Company / Department","",IF(ISNUMBER($H59),IF('Order Form'!$K$14="Yes",'Order Form'!$B$9,""),"")) | Q59: =IF('Order Form'!$B$10="Address 1","",IF(ISNUMBER($H59),IF('Order Form'!$K$14="Yes",'Order Form'!$B$10,""),"")) | R59: =IF('Order Form'!$B$11="Address 2","",IF(ISNUMBER($H59),IF('Order Form'!$K$14="Yes",'Order Form'!$B$11,""),"")) | S59: =IF('Order Form'!$B$12="Address 3","",IF(ISNUMBER($H59),IF('Order Form'!$K$14="Yes",'Order Form'!$B$12,""),"")) | T59: =IF('Order Form'!$B$13="Town","",IF(ISNUMBER($H59),IF('Order Form'!$K$14="Yes",'Order Form'!$B$13,""),"")) | V59: =IF('Order Form'!$B$14="Post Code","",IF(ISNUMBER($H59),IF('Order Form'!$K$14="Yes",'Order Form'!$B$14,""),"")) | W59: =IF('Order Form'!$B$15="Country","",IF(ISNUMBER($H59),IF('Order Form'!$K$14="Yes",VLOOKUP('Order Form'!$B$15,Lists!N:O,2,0),""),"")) | Y59: =IF('Order Form'!$F$8="Phone","",IF(ISNUMBER($H59),IF('Order Form'!$K$14="Yes",'Order Form'!$F$8,""),"")) | Z59: =IF('Order Form'!$F$9="Email","",IF(ISNUMBER($H59),IF('Order Form'!$K$14="Yes",'Order Form'!$F$9,""),"")) | AC59: =IF(ISNUMBER(($H59)),LEFT('Order Form'!$K$10,2),"") | AE59: =IF(AC59="GR",LEFT('Order Form'!$K$11,2),"") | AI59: =IF(ISNUMBER(($H59)),IF('Order Form'!$K$16="Yes","P",""),"") | AZ59: =IF(ISNUMBER(($H59)),IF('Order Form'!$K$15="Yes","Y",""),"") | BD59: =IF('Order Form'!#REF!>0,"OF"," ") -> #REF! | BE59: =IF('Order Form'!#REF!>0,"Y"," ") -> #REF! | BF59: =IF('Order Form'!#REF!>0,"STANDARD"," ") -> #REF!
B60: =IF(ISNUMBER(($H60)),'Order Form'!$D$5,"") | C60: =IF(ISNUMBER(($H60)),'Order Form'!$G$5,"") | D60: =IF('Order Form'!#REF!="","",IF(ISNUMBER(($H60)),'Order Form'!#REF!,"")) -> #REF! | F60: =IF(ISNUMBER((H60)),SUBSTITUTE(SUBSTITUTE('Order Form'!#REF!,"-","")," ",""),"") | H60: =IF('Order Form'!#REF!>0,'Order Form'!#REF!," ") -> #REF! | I60: =IF('Order Form'!$K$13="Yes",(IF('Order Form'!#REF!>0,"",IF('Order Form'!$K$10<>"GR - Gratis",IF('Order Form'!#REF!=0,"",IF(ISNUMBER($H60),'Order Form'!#REF!,"")),""))),"") | J60: =IF('Order Form'!$K$13="Yes",(IF('Order Form'!#REF!=0,"",IF('Order Form'!$K$10<>"GR - Gratis",IF(ISNUMBER($H60),'Order Form'!#REF!,""),""))),"") | L60: =IF('Order Form'!#REF!>0,"",IF('Order Form'!#REF!=0,"",IF('Order Form'!$K$10<>"GR - Gratis",IF('Order Form'!$K$12="Yes",IF(ISNUMBER($H60),'Order Form'!#REF!*100,""),""),""))) -> #REF! | M60: =IF('Order Form'!#REF!>0,"",IF('Order Form'!$K$17=0,"",IF('Order Form'!$K$17=0,"",IF('Order Form'!$K$10<>"GR - Gratis",IF('Order Form'!$K$12="Yes",IF(ISNUMBER($H60),'Order Form'!$K$17*100,""),""),"")))) -> #REF! | O60: =IF('Order Form'!$B$8="Name / Attent Of","",IF(ISNUMBER($H60),IF('Order Form'!$K$14="Yes",'Order Form'!$B$8,""),"")) | P60: =IF('Order Form'!$B$9="Company / Department","",IF(ISNUMBER($H60),IF('Order Form'!$K$14="Yes",'Order Form'!$B$9,""),"")) | Q60: =IF('Order Form'!$B$10="Address 1","",IF(ISNUMBER($H60),IF('Order Form'!$K$14="Yes",'Order Form'!$B$10,""),"")) | R60: =IF('Order Form'!$B$11="Address 2","",IF(ISNUMBER($H60),IF('Order Form'!$K$14="Yes",'Order Form'!$B$11,""),"")) | S60: =IF('Order Form'!$B$12="Address 3","",IF(ISNUMBER($H60),IF('Order Form'!$K$14="Yes",'Order Form'!$B$12,""),"")) | T60: =IF('Order Form'!$B$13="Town","",IF(ISNUMBER($H60),IF('Order Form'!$K$14="Yes",'Order Form'!$B$13,""),"")) | V60: =IF('Order Form'!$B$14="Post Code","",IF(ISNUMBER($H60),IF('Order Form'!$K$14="Yes",'Order Form'!$B$14,""),"")) | W60: =IF('Order Form'!$B$15="Country","",IF(ISNUMBER($H60),IF('Order Form'!$K$14="Yes",VLOOKUP('Order Form'!$B$15,Lists!N:O,2,0),""),"")) | Y60: =IF('Order Form'!$F$8="Phone","",IF(ISNUMBER($H60),IF('Order Form'!$K$14="Yes",'Order Form'!$F$8,""),"")) | Z60: =IF('Order Form'!$F$9="Email","",IF(ISNUMBER($H60),IF('Order Form'!$K$14="Yes",'Order Form'!$F$9,""),"")) | AC60: =IF(ISNUMBER(($H60)),LEFT('Order Form'!$K$10,2),"") | AE60: =IF(AC60="GR",LEFT('Order Form'!$K$11,2),"") | AI60: =IF(ISNUMBER(($H60)),IF('Order Form'!$K$16="Yes","P",""),"") | AZ60: =IF(ISNUMBER(($H60)),IF('Order Form'!$K$15="Yes","Y",""),"") | BD60: =IF('Order Form'!#REF!>0,"OF"," ") -> #REF! | BE60: =IF('Order Form'!#REF!>0,"Y"," ") -> #REF! | BF60: =IF('Order Form'!#REF!>0,"STANDARD"," ") -> #REF!
B61: =IF(ISNUMBER(($H61)),'Order Form'!$D$5,"") | C61: =IF(ISNUMBER(($H61)),'Order Form'!$G$5,"") | D61: =IF('Order Form'!#REF!="","",IF(ISNUMBER(($H61)),'Order Form'!#REF!,"")) -> #REF! | F61: =IF(ISNUMBER((H61)),SUBSTITUTE(SUBSTITUTE('Order Form'!#REF!,"-","")," ",""),"") | H61: =IF('Order Form'!#REF!>0,'Order Form'!#REF!," ") -> #REF! | I61: =IF('Order Form'!$K$13="Yes",(IF('Order Form'!#REF!>0,"",IF('Order Form'!$K$10<>"GR - Gratis",IF('Order Form'!#REF!=0,"",IF(ISNUMBER($H61),'Order Form'!#REF!,"")),""))),"") | J61: =IF('Order Form'!$K$13="Yes",(IF('Order Form'!#REF!=0,"",IF('Order Form'!$K$10<>"GR - Gratis",IF(ISNUMBER($H61),'Order Form'!#REF!,""),""))),"") | L61: =IF('Order Form'!#REF!>0,"",IF('Order Form'!#REF!=0,"",IF('Order Form'!$K$10<>"GR - Gratis",IF('Order Form'!$K$12="Yes",IF(ISNUMBER($H61),'Order Form'!#REF!*100,""),""),""))) -> #REF! | M61: =IF('Order Form'!#REF!>0,"",IF('Order Form'!$K$17=0,"",IF('Order Form'!$K$17=0,"",IF('Order Form'!$K$10<>"GR - Gratis",IF('Order Form'!$K$12="Yes",IF(ISNUMBER($H61),'Order Form'!$K$17*100,""),""),"")))) -> #REF! | O61: =IF('Order Form'!$B$8="Name / Attent Of","",IF(ISNUMBER($H61),IF('Order Form'!$K$14="Yes",'Order Form'!$B$8,""),"")) | P61: =IF('Order Form'!$B$9="Company / Department","",IF(ISNUMBER($H61),IF('Order Form'!$K$14="Yes",'Order Form'!$B$9,""),"")) | Q61: =IF('Order Form'!$B$10="Address 1","",IF(ISNUMBER($H61),IF('Order Form'!$K$14="Yes",'Order Form'!$B$10,""),"")) | R61: =IF('Order Form'!$B$11="Address 2","",IF(ISNUMBER($H61),IF('Order Form'!$K$14="Yes",'Order Form'!$B$11,""),"")) | S61: =IF('Order Form'!$B$12="Address 3","",IF(ISNUMBER($H61),IF('Order Form'!$K$14="Yes",'Order Form'!$B$12,""),"")) | T61: =IF('Order Form'!$B$13="Town","",IF(ISNUMBER($H61),IF('Order Form'!$K$14="Yes",'Order Form'!$B$13,""),"")) | V61: =IF('Order Form'!$B$14="Post Code","",IF(ISNUMBER($H61),IF('Order Form'!$K$14="Yes",'Order Form'!$B$14,""),"")) | W61: =IF('Order Form'!$B$15="Country","",IF(ISNUMBER($H61),IF('Order Form'!$K$14="Yes",VLOOKUP('Order Form'!$B$15,Lists!N:O,2,0),""),"")) | Y61: =IF('Order Form'!$F$8="Phone","",IF(ISNUMBER($H61),IF('Order Form'!$K$14="Yes",'Order Form'!$F$8,""),"")) | Z61: =IF('Order Form'!$F$9="Email","",IF(ISNUMBER($H61),IF('Order Form'!$K$14="Yes",'Order Form'!$F$9,""),"")) | AC61: =IF(ISNUMBER(($H61)),LEFT('Order Form'!$K$10,2),"") | AE61: =IF(AC61="GR",LEFT('Order Form'!$K$11,2),"") | AI61: =IF(ISNUMBER(($H61)),IF('Order Form'!$K$16="Yes","P",""),"") | AZ61: =IF(ISNUMBER(($H61)),IF('Order Form'!$K$15="Yes","Y",""),"") | BD61: =IF('Order Form'!#REF!>0,"OF"," ") -> #REF! | BE61: =IF('Order Form'!#REF!>0,"Y"," ") -> #REF! | BF61: =IF('Order Form'!#REF!>0,"STANDARD"," ") -> #REF!
B62: =IF(ISNUMBER(($H62)),'Order Form'!$D$5,"") | C62: =IF(ISNUMBER(($H62)),'Order Form'!$G$5,"") | D62: =IF('Order Form'!#REF!="","",IF(ISNUMBER(($H62)),'Order Form'!#REF!,"")) -> #REF! | F62: =IF(ISNUMBER((H62)),SUBSTITUTE(SUBSTITUTE('Order Form'!#REF!,"-","")," ",""),"") | H62: =IF('Order Form'!#REF!>0,'Order Form'!#REF!," ") -> #REF! | I62: =IF('Order Form'!$K$13="Yes",(IF('Order Form'!#REF!>0,"",IF('Order Form'!$K$10<>"GR - Gratis",IF('Order Form'!#REF!=0,"",IF(ISNUMBER($H62),'Order Form'!#REF!,"")),""))),"") | J62: =IF('Order Form'!$K$13="Yes",(IF('Order Form'!#REF!=0,"",IF('Order Form'!$K$10<>"GR - Gratis",IF(ISNUMBER($H62),'Order Form'!#REF!,""),""))),"") | L62: =IF('Order Form'!#REF!>0,"",IF('Order Form'!#REF!=0,"",IF('Order Form'!$K$10<>"GR - Gratis",IF('Order Form'!$K$12="Yes",IF(ISNUMBER($H62),'Order Form'!#REF!*100,""),""),""))) -> #REF! | M62: =IF('Order Form'!#REF!>0,"",IF('Order Form'!$K$17=0,"",IF('Order Form'!$K$17=0,"",IF('Order Form'!$K$10<>"GR - Gratis",IF('Order Form'!$K$12="Yes",IF(ISNUMBER($H62),'Order Form'!$K$17*100,""),""),"")))) -> #REF! | O62: =IF('Order Form'!$B$8="Name / Attent Of","",IF(ISNUMBER($H62),IF('Order Form'!$K$14="Yes",'Order Form'!$B$8,""),"")) | P62: =IF('Order Form'!$B$9="Company / Department","",IF(ISNUMBER($H62),IF('Order Form'!$K$14="Yes",'Order Form'!$B$9,""),"")) | Q62: =IF('Order Form'!$B$10="Address 1","",IF(ISNUMBER($H62),IF('Order Form'!$K$14="Yes",'Order Form'!$B$10,""),"")) | R62: =IF('Order Form'!$B$11="Address 2","",IF(ISNUMBER($H62),IF('Order Form'!$K$14="Yes",'Order Form'!$B$11,""),"")) | S62: =IF('Order Form'!$B$12="Address 3","",IF(ISNUMBER($H62),IF('Order Form'!$K$14="Yes",'Order Form'!$B$12,""),"")) | T62: =IF('Order Form'!$B$13="Town","",IF(ISNUMBER($H62),IF('Order Form'!$K$14="Yes",'Order Form'!$B$13,""),"")) | V62: =IF('Order Form'!$B$14="Post Code","",IF(ISNUMBER($H62),IF('Order Form'!$K$14="Yes",'Order Form'!$B$14,""),"")) | W62: =IF('Order Form'!$B$15="Country","",IF(ISNUMBER($H62),IF('Order Form'!$K$14="Yes",VLOOKUP('Order Form'!$B$15,Lists!N:O,2,0),""),"")) | Y62: =IF('Order Form'!$F$8="Phone","",IF(ISNUMBER($H62),IF('Order Form'!$K$14="Yes",'Order Form'!$F$8,""),"")) | Z62: =IF('Order Form'!$F$9="Email","",IF(ISNUMBER($H62),IF('Order Form'!$K$14="Yes",'Order Form'!$F$9,""),"")) | AC62: =IF(ISNUMBER(($H62)),LEFT('Order Form'!$K$10,2),"") | AE62: =IF(AC62="GR",LEFT('Order Form'!$K$11,2),"") | AI62: =IF(ISNUMBER(($H62)),IF('Order Form'!$K$16="Yes","P",""),"") | AZ62: =IF(ISNUMBER(($H62)),IF('Order Form'!$K$15="Yes","Y",""),"") | BD62: =IF('Order Form'!#REF!>0,"OF"," ") -> #REF! | BE62: =IF('Order Form'!#REF!>0,"Y"," ") -> #REF! | BF62: =IF('Order Form'!#REF!>0,"STANDARD"," ") -> #REF!
B63: =IF(ISNUMBER(($H63)),'Order Form'!$D$5,"") | C63: =IF(ISNUMBER(($H63)),'Order Form'!$G$5,"") | D63: =IF('Order Form'!#REF!="","",IF(ISNUMBER(($H63)),'Order Form'!#REF!,"")) -> #REF! | F63: =IF(ISNUMBER((H63)),SUBSTITUTE(SUBSTITUTE('Order Form'!#REF!,"-","")," ",""),"") | H63: =IF('Order Form'!#REF!>0,'Order Form'!#REF!," ") -> #REF! | I63: =IF('Order Form'!$K$13="Yes",(IF('Order Form'!#REF!>0,"",IF('Order Form'!$K$10<>"GR - Gratis",IF('Order Form'!#REF!=0,"",IF(ISNUMBER($H63),'Order Form'!#REF!,"")),""))),"") | J63: =IF('Order Form'!$K$13="Yes",(IF('Order Form'!#REF!=0,"",IF('Order Form'!$K$10<>"GR - Gratis",IF(ISNUMBER($H63),'Order Form'!#REF!,""),""))),"") | L63: =IF('Order Form'!#REF!>0,"",IF('Order Form'!#REF!=0,"",IF('Order Form'!$K$10<>"GR - Gratis",IF('Order Form'!$K$12="Yes",IF(ISNUMBER($H63),'Order Form'!#REF!*100,""),""),""))) -> #REF! | M63: =IF('Order Form'!#REF!>0,"",IF('Order Form'!$K$17=0,"",IF('Order Form'!$K$17=0,"",IF('Order Form'!$K$10<>"GR - Gratis",IF('Order Form'!$K$12="Yes",IF(ISNUMBER($H63),'Order Form'!$K$17*100,""),""),"")))) -> #REF! | O63: =IF('Order Form'!$B$8="Name / Attent Of","",IF(ISNUMBER($H63),IF('Order Form'!$K$14="Yes",'Order Form'!$B$8,""),"")) | P63: =IF('Order Form'!$B$9="Company / Department","",IF(ISNUMBER($H63),IF('Order Form'!$K$14="Yes",'Order Form'!$B$9,""),"")) | Q63: =IF('Order Form'!$B$10="Address 1","",IF(ISNUMBER($H63),IF('Order Form'!$K$14="Yes",'Order Form'!$B$10,""),"")) | R63: =IF('Order Form'!$B$11="Address 2","",IF(ISNUMBER($H63),IF('Order Form'!$K$14="Yes",'Order Form'!$B$11,""),"")) | S63: =IF('Order Form'!$B$12="Address 3","",IF(ISNUMBER($H63),IF('Order Form'!$K$14="Yes",'Order Form'!$B$12,""),"")) | T63: =IF('Order Form'!$B$13="Town","",IF(ISNUMBER($H63),IF('Order Form'!$K$14="Yes",'Order Form'!$B$13,""),"")) | V63: =IF('Order Form'!$B$14="Post Code","",IF(ISNUMBER($H63),IF('Order Form'!$K$14="Yes",'Order Form'!$B$14,""),"")) | W63: =IF('Order Form'!$B$15="Country","",IF(ISNUMBER($H63),IF('Order Form'!$K$14="Yes",VLOOKUP('Order Form'!$B$15,Lists!N:O,2,0),""),"")) | Y63: =IF('Order Form'!$F$8="Phone","",IF(ISNUMBER($H63),IF('Order Form'!$K$14="Yes",'Order Form'!$F$8,""),"")) | Z63: =IF('Order Form'!$F$9="Email","",IF(ISNUMBER($H63),IF('Order Form'!$K$14="Yes",'Order Form'!$F$9,""),"")) | AC63: =IF(ISNUMBER(($H63)),LEFT('Order Form'!$K$10,2),"") | AE63: =IF(AC63="GR",LEFT('Order Form'!$K$11,2),"") | AI63: =IF(ISNUMBER(($H63)),IF('Order Form'!$K$16="Yes","P",""),"") | AZ63: =IF(ISNUMBER(($H63)),IF('Order Form'!$K$15="Yes","Y",""),"") | BD63: =IF('Order Form'!#REF!>0,"OF"," ") -> #REF! | BE63: =IF('Order Form'!#REF!>0,"Y"," ") -> #REF! | BF63: =IF('Order Form'!#REF!>0,"STANDARD"," ") -> #REF!
B64: =IF(ISNUMBER(($H64)),'Order Form'!$D$5,"") | C64: =IF(ISNUMBER(($H64)),'Order Form'!$G$5,"") | D64: =IF('Order Form'!#REF!="","",IF(ISNUMBER(($H64)),'Order Form'!#REF!,"")) -> #REF! | F64: =IF(ISNUMBER((H64)),SUBSTITUTE(SUBSTITUTE('Order Form'!#REF!,"-","")," ",""),"") | H64: =IF('Order Form'!#REF!>0,'Order Form'!#REF!," ") -> #REF! | I64: =IF('Order Form'!$K$13="Yes",(IF('Order Form'!#REF!>0,"",IF('Order Form'!$K$10<>"GR - Gratis",IF('Order Form'!#REF!=0,"",IF(ISNUMBER($H64),'Order Form'!#REF!,"")),""))),"") | J64: =IF('Order Form'!$K$13="Yes",(IF('Order Form'!#REF!=0,"",IF('Order Form'!$K$10<>"GR - Gratis",IF(ISNUMBER($H64),'Order Form'!#REF!,""),""))),"") | L64: =IF('Order Form'!#REF!>0,"",IF('Order Form'!#REF!=0,"",IF('Order Form'!$K$10<>"GR - Gratis",IF('Order Form'!$K$12="Yes",IF(ISNUMBER($H64),'Order Form'!#REF!*100,""),""),""))) -> #REF! | M64: =IF('Order Form'!#REF!>0,"",IF('Order Form'!$K$17=0,"",IF('Order Form'!$K$17=0,"",IF('Order Form'!$K$10<>"GR - Gratis",IF('Order Form'!$K$12="Yes",IF(ISNUMBER($H64),'Order Form'!$K$17*100,""),""),"")))) -> #REF! | O64: =IF('Order Form'!$B$8="Name / Attent Of","",IF(ISNUMBER($H64),IF('Order Form'!$K$14="Yes",'Order Form'!$B$8,""),"")) | P64: =IF('Order Form'!$B$9="Company / Department","",IF(ISNUMBER($H64),IF('Order Form'!$K$14="Yes",'Order Form'!$B$9,""),"")) | Q64: =IF('Order Form'!$B$10="Address 1","",IF(ISNUMBER($H64),IF('Order Form'!$K$14="Yes",'Order Form'!$B$10,""),"")) | R64: =IF('Order Form'!$B$11="Address 2","",IF(ISNUMBER($H64),IF('Order Form'!$K$14="Yes",'Order Form'!$B$11,""),"")) | S64: =IF('Order Form'!$B$12="Address 3","",IF(ISNUMBER($H64),IF('Order Form'!$K$14="Yes",'Order Form'!$B$12,""),"")) | T64: =IF('Order Form'!$B$13="Town","",IF(ISNUMBER($H64),IF('Order Form'!$K$14="Yes",'Order Form'!$B$13,""),"")) | V64: =IF('Order Form'!$B$14="Post Code","",IF(ISNUMBER($H64),IF('Order Form'!$K$14="Yes",'Order Form'!$B$14,""),"")) | W64: =IF('Order Form'!$B$15="Country","",IF(ISNUMBER($H64),IF('Order Form'!$K$14="Yes",VLOOKUP('Order Form'!$B$15,Lists!N:O,2,0),""),"")) | Y64: =IF('Order Form'!$F$8="Phone","",IF(ISNUMBER($H64),IF('Order Form'!$K$14="Yes",'Order Form'!$F$8,""),"")) | Z64: =IF('Order Form'!$F$9="Email","",IF(ISNUMBER($H64),IF('Order Form'!$K$14="Yes",'Order Form'!$F$9,""),"")) | AC64: =IF(ISNUMBER(($H64)),LEFT('Order Form'!$K$10,2),"") | AE64: =IF(AC64="GR",LEFT('Order Form'!$K$11,2),"") | AI64: =IF(ISNUMBER(($H64)),IF('Order Form'!$K$16="Yes","P",""),"") | AZ64: =IF(ISNUMBER(($H64)),IF('Order Form'!$K$15="Yes","Y",""),"") | BD64: =IF('Order Form'!#REF!>0,"OF"," ") -> #REF! | BE64: =IF('Order Form'!#REF!>0,"Y"," ") -> #REF! | BF64: =IF('Order Form'!#REF!>0,"STANDARD"," ") -> #REF!
B65: =IF(ISNUMBER(($H65)),'Order Form'!$D$5,"") | C65: =IF(ISNUMBER(($H65)),'Order Form'!$G$5,"") | D65: =IF('Order Form'!#REF!="","",IF(ISNUMBER(($H65)),'Order Form'!#REF!,"")) -> #REF! | F65: =IF(ISNUMBER((H65)),SUBSTITUTE(SUBSTITUTE('Order Form'!#REF!,"-","")," ",""),"") | H65: =IF('Order Form'!#REF!>0,'Order Form'!#REF!," ") -> #REF! | I65: =IF('Order Form'!$K$13="Yes",(IF('Order Form'!#REF!>0,"",IF('Order Form'!$K$10<>"GR - Gratis",IF('Order Form'!#REF!=0,"",IF(ISNUMBER($H65),'Order Form'!#REF!,"")),""))),"") | J65: =IF('Order Form'!$K$13="Yes",(IF('Order Form'!#REF!=0,"",IF('Order Form'!$K$10<>"GR - Gratis",IF(ISNUMBER($H65),'Order Form'!#REF!,""),""))),"") | L65: =IF('Order Form'!#REF!>0,"",IF('Order Form'!#REF!=0,"",IF('Order Form'!$K$10<>"GR - Gratis",IF('Order Form'!$K$12="Yes",IF(ISNUMBER($H65),'Order Form'!#REF!*100,""),""),""))) -> #REF! | M65: =IF('Order Form'!#REF!>0,"",IF('Order Form'!$K$17=0,"",IF('Order Form'!$K$17=0,"",IF('Order Form'!$K$10<>"GR - Gratis",IF('Order Form'!$K$12="Yes",IF(ISNUMBER($H65),'Order Form'!$K$17*100,""),""),"")))) -> #REF! | O65: =IF('Order Form'!$B$8="Name / Attent Of","",IF(ISNUMBER($H65),IF('Order Form'!$K$14="Yes",'Order Form'!$B$8,""),"")) | P65: =IF('Order Form'!$B$9="Company / Department","",IF(ISNUMBER($H65),IF('Order Form'!$K$14="Yes",'Order Form'!$B$9,""),"")) | Q65: =IF('Order Form'!$B$10="Address 1","",IF(ISNUMBER($H65),IF('Order Form'!$K$14="Yes",'Order Form'!$B$10,""),"")) | R65: =IF('Order Form'!$B$11="Address 2","",IF(ISNUMBER($H65),IF('Order Form'!$K$14="Yes",'Order Form'!$B$11,""),"")) | S65: =IF('Order Form'!$B$12="Address 3","",IF(ISNUMBER($H65),IF('Order Form'!$K$14="Yes",'Order Form'!$B$12,""),"")) | T65: =IF('Order Form'!$B$13="Town","",IF(ISNUMBER($H65),IF('Order Form'!$K$14="Yes",'Order Form'!$B$13,""),"")) | V65: =IF('Order Form'!$B$14="Post Code","",IF(ISNUMBER($H65),IF('Order Form'!$K$14="Yes",'Order Form'!$B$14,""),"")) | W65: =IF('Order Form'!$B$15="Country","",IF(ISNUMBER($H65),IF('Order Form'!$K$14="Yes",VLOOKUP('Order Form'!$B$15,Lists!N:O,2,0),""),"")) | Y65: =IF('Order Form'!$F$8="Phone","",IF(ISNUMBER($H65),IF('Order Form'!$K$14="Yes",'Order Form'!$F$8,""),"")) | Z65: =IF('Order Form'!$F$9="Email","",IF(ISNUMBER($H65),IF('Order Form'!$K$14="Yes",'Order Form'!$F$9,""),"")) | AC65: =IF(ISNUMBER(($H65)),LEFT('Order Form'!$K$10,2),"") | AE65: =IF(AC65="GR",LEFT('Order Form'!$K$11,2),"") | AI65: =IF(ISNUMBER(($H65)),IF('Order Form'!$K$16="Yes","P",""),"") | AZ65: =IF(ISNUMBER(($H65)),IF('Order Form'!$K$15="Yes","Y",""),"") | BD65: =IF('Order Form'!#REF!>0,"OF"," ") -> #REF! | BE65: =IF('Order Form'!#REF!>0,"Y"," ") -> #REF! | BF65: =IF('Order Form'!#REF!>0,"STANDARD"," ") -> #REF!
B66: =IF(ISNUMBER(($H66)),'Order Form'!$D$5,"") | C66: =IF(ISNUMBER(($H66)),'Order Form'!$G$5,"") | D66: =IF('Order Form'!#REF!="","",IF(ISNUMBER(($H66)),'Order Form'!#REF!,"")) -> #REF! | F66: =IF(ISNUMBER((H66)),SUBSTITUTE(SUBSTITUTE('Order Form'!#REF!,"-","")," ",""),"") | H66: =IF('Order Form'!#REF!>0,'Order Form'!#REF!," ") -> #REF! | I66: =IF('Order Form'!$K$13="Yes",(IF('Order Form'!#REF!>0,"",IF('Order Form'!$K$10<>"GR - Gratis",IF('Order Form'!#REF!=0,"",IF(ISNUMBER($H66),'Order Form'!#REF!,"")),""))),"") | J66: =IF('Order Form'!$K$13="Yes",(IF('Order Form'!#REF!=0,"",IF('Order Form'!$K$10<>"GR - Gratis",IF(ISNUMBER($H66),'Order Form'!#REF!,""),""))),"") | L66: =IF('Order Form'!#REF!>0,"",IF('Order Form'!#REF!=0,"",IF('Order Form'!$K$10<>"GR - Gratis",IF('Order Form'!$K$12="Yes",IF(ISNUMBER($H66),'Order Form'!#REF!*100,""),""),""))) -> #REF! | M66: =IF('Order Form'!#REF!>0,"",IF('Order Form'!$K$17=0,"",IF('Order Form'!$K$17=0,"",IF('Order Form'!$K$10<>"GR - Gratis",IF('Order Form'!$K$12="Yes",IF(ISNUMBER($H66),'Order Form'!$K$17*100,""),""),"")))) -> #REF! | O66: =IF('Order Form'!$B$8="Name / Attent Of","",IF(ISNUMBER($H66),IF('Order Form'!$K$14="Yes",'Order Form'!$B$8,""),"")) | P66: =IF('Order Form'!$B$9="Company / Department","",IF(ISNUMBER($H66),IF('Order Form'!$K$14="Yes",'Order Form'!$B$9,""),"")) | Q66: =IF('Order Form'!$B$10="Address 1","",IF(ISNUMBER($H66),IF('Order Form'!$K$14="Yes",'Order Form'!$B$10,""),"")) | R66: =IF('Order Form'!$B$11="Address 2","",IF(ISNUMBER($H66),IF('Order Form'!$K$14="Yes",'Order Form'!$B$11,""),"")) | S66: =IF('Order Form'!$B$12="Address 3","",IF(ISNUMBER($H66),IF('Order Form'!$K$14="Yes",'Order Form'!$B$12,""),"")) | T66: =IF('Order Form'!$B$13="Town","",IF(ISNUMBER($H66),IF('Order Form'!$K$14="Yes",'Order Form'!$B$13,""),"")) | V66: =IF('Order Form'!$B$14="Post Code","",IF(ISNUMBER($H66),IF('Order Form'!$K$14="Yes",'Order Form'!$B$14,""),"")) | W66: =IF('Order Form'!$B$15="Country","",IF(ISNUMBER($H66),IF('Order Form'!$K$14="Yes",VLOOKUP('Order Form'!$B$15,Lists!N:O,2,0),""),"")) | Y66: =IF('Order Form'!$F$8="Phone","",IF(ISNUMBER($H66),IF('Order Form'!$K$14="Yes",'Order Form'!$F$8,""),"")) | Z66: =IF('Order Form'!$F$9="Email","",IF(ISNUMBER($H66),IF('Order Form'!$K$14="Yes",'Order Form'!$F$9,""),"")) | AC66: =IF(ISNUMBER(($H66)),LEFT('Order Form'!$K$10,2),"") | AE66: =IF(AC66="GR",LEFT('Order Form'!$K$11,2),"") | AI66: =IF(ISNUMBER(($H66)),IF('Order Form'!$K$16="Yes","P",""),"") | AZ66: =IF(ISNUMBER(($H66)),IF('Order Form'!$K$15="Yes","Y",""),"") | BD66: =IF('Order Form'!#REF!>0,"OF"," ") -> #REF! | BE66: =IF('Order Form'!#REF!>0,"Y"," ") -> #REF! | BF66: =IF('Order Form'!#REF!>0,"STANDARD"," ") -> #REF!
B67: =IF(ISNUMBER(($H67)),'Order Form'!$D$5,"") | C67: =IF(ISNUMBER(($H67)),'Order Form'!$G$5,"") | D67: =IF('Order Form'!#REF!="","",IF(ISNUMBER(($H67)),'Order Form'!#REF!,"")) -> #REF! | F67: =IF(ISNUMBER((H67)),SUBSTITUTE(SUBSTITUTE('Order Form'!#REF!,"-","")," ",""),"") | H67: =IF('Order Form'!#REF!>0,'Order Form'!#REF!," ") -> #REF! | I67: =IF('Order Form'!$K$13="Yes",(IF('Order Form'!#REF!>0,"",IF('Order Form'!$K$10<>"GR - Gratis",IF('Order Form'!#REF!=0,"",IF(ISNUMBER($H67),'Order Form'!#REF!,"")),""))),"") | J67: =IF('Order Form'!$K$13="Yes",(IF('Order Form'!#REF!=0,"",IF('Order Form'!$K$10<>"GR - Gratis",IF(ISNUMBER($H67),'Order Form'!#REF!,""),""))),"") | L67: =IF('Order Form'!#REF!>0,"",IF('Order Form'!#REF!=0,"",IF('Order Form'!$K$10<>"GR - Gratis",IF('Order Form'!$K$12="Yes",IF(ISNUMBER($H67),'Order Form'!#REF!*100,""),""),""))) -> #REF! | M67: =IF('Order Form'!#REF!>0,"",IF('Order Form'!$K$17=0,"",IF('Order Form'!$K$17=0,"",IF('Order Form'!$K$10<>"GR - Gratis",IF('Order Form'!$K$12="Yes",IF(ISNUMBER($H67),'Order Form'!$K$17*100,""),""),"")))) -> #REF! | O67: =IF('Order Form'!$B$8="Name / Attent Of","",IF(ISNUMBER($H67),IF('Order Form'!$K$14="Yes",'Order Form'!$B$8,""),"")) | P67: =IF('Order Form'!$B$9="Company / Department","",IF(ISNUMBER($H67),IF('Order Form'!$K$14="Yes",'Order Form'!$B$9,""),"")) | Q67: =IF('Order Form'!$B$10="Address 1","",IF(ISNUMBER($H67),IF('Order Form'!$K$14="Yes",'Order Form'!$B$10,""),"")) | R67: =IF('Order Form'!$B$11="Address 2","",IF(ISNUMBER($H67),IF('Order Form'!$K$14="Yes",'Order Form'!$B$11,""),"")) | S67: =IF('Order Form'!$B$12="Address 3","",IF(ISNUMBER($H67),IF('Order Form'!$K$14="Yes",'Order Form'!$B$12,""),"")) | T67: =IF('Order Form'!$B$13="Town","",IF(ISNUMBER($H67),IF('Order Form'!$K$14="Yes",'Order Form'!$B$13,""),"")) | V67: =IF('Order Form'!$B$14="Post Code","",IF(ISNUMBER($H67),IF('Order Form'!$K$14="Yes",'Order Form'!$B$14,""),"")) | W67: =IF('Order Form'!$B$15="Country","",IF(ISNUMBER($H67),IF('Order Form'!$K$14="Yes",VLOOKUP('Order Form'!$B$15,Lists!N:O,2,0),""),"")) | Y67: =IF('Order Form'!$F$8="Phone","",IF(ISNUMBER($H67),IF('Order Form'!$K$14="Yes",'Order Form'!$F$8,""),"")) | Z67: =IF('Order Form'!$F$9="Email","",IF(ISNUMBER($H67),IF('Order Form'!$K$14="Yes",'Order Form'!$F$9,""),"")) | AC67: =IF(ISNUMBER(($H67)),LEFT('Order Form'!$K$10,2),"") | AE67: =IF(AC67="GR",LEFT('Order Form'!$K$11,2),"") | AI67: =IF(ISNUMBER(($H67)),IF('Order Form'!$K$16="Yes","P",""),"") | AZ67: =IF(ISNUMBER(($H67)),IF('Order Form'!$K$15="Yes","Y",""),"") | BD67: =IF('Order Form'!#REF!>0,"OF"," ") -> #REF! | BE67: =IF('Order Form'!#REF!>0,"Y"," ") -> #REF! | BF67: =IF('Order Form'!#REF!>0,"STANDARD"," ") -> #REF!
... B387: =IF(ISNUMBER(($H387)),'Order Form'!$D$5,"") | C387: =IF(ISNUMBER(($H387)),'Order Form'!$G$5,"") | D387: =IF('Order Form'!#REF!="","",IF(ISNUMBER(($H387)),'Order Form'!#REF!,"")) -> #REF! | F387: =IF(ISNUMBER((H387)),SUBSTITUTE(SUBSTITUTE('Order Form'!#REF!,"-","")," ",""),"") | H387: =IF('Order Form'!#REF!>0,'Order Form'!#REF!," ") -> #REF! | I387: =IF('Order Form'!$K$13="Yes",(IF('Order Form'!#REF!>0,"",IF('Order Form'!$K$10<>"GR - Gratis",IF('Order Form'!#REF!=0,"",IF(ISNUMBER($H387),'Order Form'!#REF!,"")),""))),"") | J387: =IF('Order Form'!$K$13="Yes",(IF('Order Form'!#REF!=0,"",IF('Order Form'!$K$10<>"GR - Gratis",IF(ISNUMBER($H387),'Order Form'!#REF!,""),""))),"") | L387: =IF('Order Form'!#REF!>0,"",IF('Order Form'!#REF!=0,"",IF('Order Form'!$K$10<>"GR - Gratis",IF('Order Form'!$K$12="Yes",IF(ISNUMBER($H387),'Order Form'!#REF!*100,""),""),""))) -> #REF! | M387: =IF('Order Form'!#REF!>0,"",IF('Order Form'!$K$17=0,"",IF('Order Form'!$K$17=0,"",IF('Order Form'!$K$10<>"GR - Gratis",IF('Order Form'!$K$12="Yes",IF(ISNUMBER($H387),'Order Form'!$K$17*100,""),""),"")))) -> #REF! | O387: =IF('Order Form'!$B$8="Name / Attent Of","",IF(ISNUMBER($H387),IF('Order Form'!$K$14="Yes",'Order Form'!$B$8,""),"")) | P387: =IF('Order Form'!$B$9="Company / Department","",IF(ISNUMBER($H387),IF('Order Form'!$K$14="Yes",'Order Form'!$B$9,""),"")) | Q387: =IF('Order Form'!$B$10="Address 1","",IF(ISNUMBER($H387),IF('Order Form'!$K$14="Yes",'Order Form'!$B$10,""),"")) | R387: =IF('Order Form'!$B$11="Address 2","",IF(ISNUMBER($H387),IF('Order Form'!$K$14="Yes",'Order Form'!$B$11,""),"")) | S387: =IF('Order Form'!$B$12="Address 3","",IF(ISNUMBER($H387),IF('Order Form'!$K$14="Yes",'Order Form'!$B$12,""),"")) | T387: =IF('Order Form'!$B$13="Town","",IF(ISNUMBER($H387),IF('Order Form'!$K$14="Yes",'Order Form'!$B$13,""),"")) | V387: =IF('Order Form'!$B$14="Post Code","",IF(ISNUMBER($H387),IF('Order Form'!$K$14="Yes",'Order Form'!$B$14,""),"")) | W387: =IF('Order Form'!$B$15="Country","",IF(ISNUMBER($H387),IF('Order Form'!$K$14="Yes",VLOOKUP('Order Form'!$B$15,Lists!N:O,2,0),""),"")) | Y387: =IF('Order Form'!$F$8="Phone","",IF(ISNUMBER($H387),IF('Order Form'!$K$14="Yes",'Order Form'!$F$8,""),"")) | Z387: =IF('Order Form'!$F$9="Email","",IF(ISNUMBER($H387),IF('Order Form'!$K$14="Yes",'Order Form'!$F$9,""),"")) | AC387: =IF(ISNUMBER(($H387)),LEFT('Order Form'!$K$10,2),"") | AE387: =IF(AC387="GR",LEFT('Order Form'!$K$11,2),"") | AI387: =IF(ISNUMBER(($H387)),IF('Order Form'!$K$16="Yes","P",""),"") | AZ387: =IF(ISNUMBER(($H387)),IF('Order Form'!$K$15="Yes","Y",""),"") | BD387: =IF('Order Form'!#REF!>0,"OF"," ") -> #REF! | BE387: =IF('Order Form'!#REF!>0,"Y"," ") -> #REF! | BF387: =IF('Order Form'!#REF!>0,"STANDARD"," ") -> #REF!
B388: =IF(ISNUMBER(($H388)),'Order Form'!$D$5,"") | C388: =IF(ISNUMBER(($H388)),'Order Form'!$G$5,"") | D388: =IF('Order Form'!F72="","",IF(ISNUMBER(($H388)),'Order Form'!F72,"")) | F388: =IF(ISNUMBER((H388)),SUBSTITUTE(SUBSTITUTE('Order Form'!B72,"-","")," ",""),"") | H388: =IF('Order Form'!H72>0,'Order Form'!H72," ") | I388: =IF('Order Form'!$K$13="Yes",(IF('Order Form'!J72>0,"",IF('Order Form'!$K$10<>"GR - Gratis",IF('Order Form'!I72=0,"",IF(ISNUMBER($H388),'Order Form'!I72,"")),""))),"") | J388: =IF('Order Form'!$K$13="Yes",(IF('Order Form'!J72=0,"",IF('Order Form'!$K$10<>"GR - Gratis",IF(ISNUMBER($H388),'Order Form'!J72,""),""))),"") | L388: =IF('Order Form'!J72>0,"",IF('Order Form'!G72=0,"",IF('Order Form'!$K$10<>"GR - Gratis",IF('Order Form'!$K$12="Yes",IF(ISNUMBER($H388),'Order Form'!G72*100,""),""),""))) | M388: =IF('Order Form'!J72>0,"",IF('Order Form'!$K$17=0,"",IF('Order Form'!$K$17=0,"",IF('Order Form'!$K$10<>"GR - Gratis",IF('Order Form'!$K$12="Yes",IF(ISNUMBER($H388),'Order Form'!$K$17*100,""),""),"")))) | O388: =IF('Order Form'!$B$8="Name / Attent Of","",IF(ISNUMBER($H388),IF('Order Form'!$K$14="Yes",'Order Form'!$B$8,""),"")) | P388: =IF('Order Form'!$B$9="Company / Department","",IF(ISNUMBER($H388),IF('Order Form'!$K$14="Yes",'Order Form'!$B$9,""),"")) | Q388: =IF('Order Form'!$B$10="Address 1","",IF(ISNUMBER($H388),IF('Order Form'!$K$14="Yes",'Order Form'!$B$10,""),"")) | R388: =IF('Order Form'!$B$11="Address 2","",IF(ISNUMBER($H388),IF('Order Form'!$K$14="Yes",'Order Form'!$B$11,""),"")) | S388: =IF('Order Form'!$B$12="Address 3","",IF(ISNUMBER($H388),IF('Order Form'!$K$14="Yes",'Order Form'!$B$12,""),"")) | T388: =IF('Order Form'!$B$13="Town","",IF(ISNUMBER($H388),IF('Order Form'!$K$14="Yes",'Order Form'!$B$13,""),"")) | V388: =IF('Order Form'!$B$14="Post Code","",IF(ISNUMBER($H388),IF('Order Form'!$K$14="Yes",'Order Form'!$B$14,""),"")) | W388: =IF('Order Form'!$B$15="Country","",IF(ISNUMBER($H388),IF('Order Form'!$K$14="Yes",VLOOKUP('Order Form'!$B$15,Lists!N:O,2,0),""),"")) | Y388: =IF('Order Form'!$F$8="Phone","",IF(ISNUMBER($H388),IF('Order Form'!$K$14="Yes",'Order Form'!$F$8,""),"")) | Z388: =IF('Order Form'!$F$9="Email","",IF(ISNUMBER($H388),IF('Order Form'!$K$14="Yes",'Order Form'!$F$9,""),"")) | AC388: =IF(ISNUMBER(($H388)),LEFT('Order Form'!$K$10,2),"") | AE388: =IF(AC388="GR",LEFT('Order Form'!$K$11,2),"") | AI388: =IF(ISNUMBER(($H388)),IF('Order Form'!$K$16="Yes","P",""),"") | AZ388: =IF(ISNUMBER(($H388)),IF('Order Form'!$K$15="Yes","Y",""),"") | BD388: =IF('Order Form'!$H72>0,"OF"," ") | BE388: =IF('Order Form'!$H72>0,"Y"," ") | BF388: =IF('Order Form'!$H72>0,"STANDARD"," ")

Sheet Lists
A1: From CDS | D1: FROM Vista (same as CDS) | H1: FROM CDS (description adapted for Education) | K1: Packs | N1: Country | O1: A 2
A2: Order Type Code | B2: Description | D2: Gratis Code | E2: Description | F2: Legend | H2: Source Ext | I2: Description | K2: Options | N2: ------------------------------------------------ | O2: --------
B3: Blank | E3: Blank | F3: Blank | I3: Blank | L3: Blank | N3: Choose Country
A4: SA - Normal Sale | B4: Normal Sale | D4: 02 - Sample | H4: E | I4: Email | K4: Yes | L4: Yes | N4: AFGHANISTAN | O4: AF
A5: GR - Gratis | B5: Gratis | D5: 03 - Replacement | H5: P | I5: Phone | K5: No | L5: No | N5: ÅLAND ISLANDS | O5: AX
A6: QO - Quotation | B6: Quotation Invoice | D6: 04 - Author Copy | N6: ALBANIA | O6: AL
A7: CB - Consignment Build | D7: 05 - Review Copy | N7: ALGERIA | O7: DZ
A8: CC - Consignment Consume | N8: AMERICAN SAMOA | O8: AS
A9: CD - Consignment Direct | N9: ANDORRA | O9: AD
A10: DD - Direct Delivery | N10: ANGOLA | O10: AO
A11: DV - Direct Value | N11: ANGUILLA | O11: AI
A12: RS - Remainder Sales | N12: ANTARCTICA | O12: AQ
A13: VO - Value Only | N13: ANTIGUA AND BARBUDA | O13: AG
N14: ARGENTINA | O14: AR
N15: ARMENIA | O15: AM
N16: ARUBA | O16: AW
N17: AUSTRALIA | O17: AU
N18: AUSTRIA | O18: AT
N19: AZERBAIJAN | O19: AZ
N20: BAHAMAS | O20: BS
N21: BAHRAIN | O21: BH
N22: BANGLADESH | O22: BD
N23: BARBADOS | O23: BB
N24: BELGIUM | O24: BE
N25: BELIZE | O25: BZ
... N251: ZIMBABWE | O251: ZW

Sheet Check
B2: Prior to submission check
G3: Info | H3: Mandatory?
B5: Account Number? | E5: =IF('Order Form'!D5>0,"Yes","No") -> No | H5: Yes
B7: Order Ref? | E7: =IF(ISTEXT('Order Form'!G5)=TRUE,"Yes",IF(ISNUMBER('Order Form'!G5)=TRUE,"Yes","No")) -> No | H7: Yes
B9: ISBNs? | D9: =COUNTA('Order Form'!B20:B71)&" Entries" -> 52 Entries | E9: =IF(COUNTA('Order Form'!B20:B71)>0,"Yes","No") -> Yes | H9: Yes
B11: Quantities? | D11: =COUNTIF('Order Form'!H20:H71,">0")&" Entries" -> 0 Entries | E11: =IF(SUM('Order Form'!H20:H71)>0,"Yes","No") -> No | H11: Yes
B13: Doc Type: | E13: =IF('Order Form'!K10="","None",'Order Form'!K10) -> None | G13: =IF(E13="GRATIS",IF('Order Form'!K11="","NO REASON CODE",""),"") | H13: Yes
B15: Net Prices? | E15: =IF(SUM('Order Form'!J20:J71)>1,"Yes","No") -> No | G15: =IF('Order Form'!$K$13="Yes","PRICE OVERRIDE",IF(E15="Yes","NO OVERRIDE",""))
B17: Unit Prices? | E17: =IF(SUM('Order Form'!I20:I71)>1,"Yes","No") -> Yes | G17: =IF('Order Form'!$K$13="Yes","PRICE OVERRIDE",IF(E17="Yes","NO OVERRIDE","")) -> NO OVERRIDE
B19: Discount? | E19: =IF(SUM('Order Form'!G20:G71)>0,"Yes","No") -> No | G19: =IF('Order Form'!$K$12="Yes","DISCOUNT OVERRIDE",IF(E19="Yes","NO OVERRIDE",""))
B21: Discount Plus? | E21: =IF('Order Form'!$K$17>0,"Yes","No") -> No | G21: =IF('Order Form'!$K$12="Yes","DISCOUNT OVERRIDE",IF(E21="Yes","NO OVERRIDE",""))
B23: Market Restriction? | E23: =IF('Order Form'!$K$15="Yes","Overridden","No") -> No
B25: Title Status? | E25: =IF('Order Form'!$K$16="Yes","Overridden","No") -> No

Sheet Disclaimer
C4: HarperCollins assumes no responsibility for the contents of its order forms when they are submitted and neither the order itself nor its accuracy will be checked prior to processing. It is your responsibility to ensure that the ISBN and quantity numbers you insert are correct. Our full terms and conditions are available at the following link:
C11: Terms & Conditions
